Workbook
Name SAPCrosstab1: 'FCF QUERY'!$A$1:$H$217

Sheet _com.sap.ip.bi.xl.hiddensheet

Sheet FCF QUERY
B1: Planning Case (P) | C1: ACTUAL | D1: ACTUAL | E1: ACTUAL | F1: L2AH / FC1 2017 / Version 001 | G1: L2AH / OP 2017 / Version 001 | H1: L2AH / OP 2017 / Version 001
B2: Fiscal year | C2: 2016 | D2: 2016 | E2: 2017 | F2: 2017 | G2: 2016 | H2: 2017
B3: Posting period | C3: 3 | D3: 12 | E3: 3 | F3: 12 | G3: 12 | H3: 12
C4: Amount in GC | D4: Amount in GC | E4: Amount in GC | F4: Amount in GC | G4: Amount in GC | H4: Amount in GC
A5: FS Item (P) | B5: Profit Center (Re) | C5: * 1 000 000 EUR | D5: * 1 000 000 EUR | E5: * 1 000 000 EUR | F5: * 1 000 000 EUR | G5: * 1 000 000 EUR | H5: * 1 000 000 EUR
A6: EBIT pre goodwill & exceptionals | B6: Spares | C6: 82.231356 | D6: 293.36229 | E6: 58.258348 | F6: 308.78367 | G6: 319.71215 | H6: 302.95062
A7: EBIT pre goodwill & exceptionals | B7: Spares | C7: 82.231356 | D7: 293.36229 | E7: 58.258348 | F7: 308.78367 | G7: 319.71215 | H7: 302.95062
A8: EBIT pre goodwill & exceptionals | B8: MRO Aircraft | C8: 9.8499505 | D8: 48.818108 | E8: 5.1064656 | F8: 47.354338 | G8: 58.006509 | H8: 45.88024
A9: EBIT pre goodwill & exceptionals | B9: MRO Component repairs & PBH | C9: 38.78654 | D9: 178.98385 | E9: 32.133034 | F9: 178.35471 | G9: 171.61995 | H9: 170.63328
A10: EBIT pre goodwill & exceptionals | B10: MRO | C10: 48.63649 | D10: 227.80196 | E10: 37.2395 | F10: 225.70905 | G10: 229.62646 | H10: 216.51352
A11: EBIT pre goodwill & exceptionals | B11: Military Support Center France | C11: 14.054484 | D11: 21.546241 | E11: 8.2175593 | F11: 54.571843 | G11: 27.286598 | H11: 71.571843
A12: EBIT pre goodwill & exceptionals | B12: Military Support Center Germany | C12: 7.9544517 | D12: 25.631918 | E12: 9.5168943 | F12: 38.114 | G12: 31.468 | H12: 33.314
A13: EBIT pre goodwill & exceptionals | B13: Fix wings | D13: 17.380681 | E13: 2.6653415 | F13: 14.756339 | G13: 14.916908 | H13: 15.036982
A14: EBIT pre goodwill & exceptionals | B14: Military Support Centers | C14: 22.008935 | D14: 64.55884 | E14: 20.399795 | F14: 107.44218 | G14: 73.671506 | H14: 119.92282
A15: EBIT pre goodwill & exceptionals | B15: Multiservice contracts | C15: 7.4984664 | D15: 26.758431 | E15: 4.339513 | F15: 29.348621 | G15: 16.971146 | H15: 29.743046
A16: EBIT pre goodwill & exceptionals | B16: Training | C16: 7.2587974 | D16: 15.253136 | E16: 1.0661277 | F16: 16.064386 | G16: 11.854854 | H16: 15.240476
A17: EBIT pre goodwill & exceptionals | B17: Used | C17: -0.16092737 | D17: 4.3496463 | E17: 0.18097322 | F17: 0.16442688 | G17: 4.1167544 | H17: 0.14690909
A18: EBIT pre goodwill & exceptionals | B18: Support Engineering | C18: -4.5205465 | D18: -22.844087 | E18: -2.9752869 | F18: -26.582684 | G18: -23.393765 | H18: -23.902327
A19: EBIT pre goodwill & exceptionals | B19: S&S Misc - Other | C19: -10.743778 | D19: -44.265725 | E19: -8.6840259 | F19: -48.185101 | G19: -47.486218 | H19: -46.738518
A20: EBIT pre goodwill & exceptionals | B20: S&S Misc. | C20: -8.1664546 | D20: -47.50703 | E20: -10.412212 | F20: -58.538972 | G20: -54.908375 | H20: -55.253459
A21: EBIT pre goodwill & exceptionals | B21: Other S&S activities | C21: -0.66798818 | D21: -20.748599 | E21: -6.0726988 | F21: -29.190351 | G21: -37.937228 | H21: -25.510414
A22: Depreciation on WoC | B22: Spares | C22: -2.4108819 | D22: 0.10025989 | E22: 0.99348222 | F22: 0.68165448 | G22: 0.69385621 | H22: 0.59981684
A23: Depreciation on WoC | B23: Spares | C23: -2.4108819 | D23: 0.10025989 | E23: 0.99348222 | F23: 0.68165448 | G23: 0.69385621 | H23: 0.59981684
A24: Depreciation on WoC | B24: MRO Aircraft | C24: -0.38125088 | D24: 2.0203164 | E24: 0.34670369 | G24: -0.44127253
A25: Depreciation on WoC | B25: MRO Component repairs & PBH | C25: 0.65074659 | D25: -2.1346844 | E25: -0.02224266
A26: Depreciation on WoC | B26: MRO | C26: 0.26949571 | D26: -0.11436801 | E26: 0.32446103 | G26: -0.44127253
A27: Depreciation on WoC | B27: Military Support Center Germany | C27: -0.53413851 | D27: 1.690346 | E27: -2.3617222
A28: Depreciation on WoC | B28: Fix wings | D28: 0.51475106 | E28: 0.03165978
A29: Depreciation on WoC | B29: Military Support Centers | C29: -0.53413851 | D29: 2.2050971 | E29: -2.3300624
A30: Depreciation on WoC | B30: Multiservice contracts | D30: -3.5601392 | E30: 0.01000001 | F30: -2.0408163 | G30: -3.2614379 | H30: -1.7964072
A31: Depreciation on WoC | B31: Training | C31: -2e-08 | D31: -0.21948046 | E31: -0.00012237
A32: Depreciation on WoC | B32: Used | C32: -0.14939685 | D32: -0.47953812 | E32: -0.01663398 | G32: -0.4
A33: Depreciation on WoC | B33: Support Engineering | D33: 0.00798025 | E33: -0.00035287
A34: Depreciation on WoC | B34: S&S Misc - Other | C34: -1.0341208 | D34: -1.0104531 | E34: 0.01800001 | F34: 2.0909091 | G34: 1.8886957 | H34: 2.08
A35: Depreciation on WoC | B35: S&S Misc. | C35: -1.1835176 | D35: -1.7014914 | E35: 0.00089079 | F35: 2.0909091 | G35: 1.4886956 | H35: 2.08
A36: Depreciation on WoC | B36: Other S&S activities | C36: -1.1835176 | D36: -5.2616306 | E36: 0.0108908 | F36: 0.05009276 | G36: -1.7727423 | H36: 0.28359281
A37: Change in current and non-current prov | B37: Spares | C37: 2.0443846 | D37: 2.8744756 | E37: 1.8156263 | F37: -9.9547631 | G37: 0.82103965 | H37: 0.42463801
A38: Change in current and non-current prov | B38: Spares | C38: 2.0443846 | D38: 2.8744756 | E38: 1.8156263 | F38: -9.9547631 | G38: 0.82103965 | H38: 0.42463801
A39: Change in current and non-current prov | B39: MRO Aircraft | C39: 2.2782113 | D39: -8.6533255 | E39: 0.25969583 | F39: -4.1321176 | G39: -7.0599008 | H39: -4.3321176
A40: Change in current and non-current prov | B40: MRO Component repairs & PBH | C40: -1.2393329 | D40: -17.592994 | E40: -2.0812983 | F40: -32.478103 | G40: -12.986503 | H40: -19.978103
A41: Change in current and non-current prov | B41: MRO | C41: 1.0388783 | D41: -26.24632 | E41: -1.8216025 | F41: -36.61022 | G41: -20.046404 | H41: -24.31022
A42: Change in current and non-current prov | B42: Military Support Center France | C42: -0.07018811 | D42: -0.73297697 | E42: -0.00514579 | F42: -1
A43: Change in current and non-current prov | B43: Military Support Center Germany | C43: -1.9754672 | D43: -8.6467657 | E43: -7.5329966 | F43: -13.112 | G43: -19.1 | H43: -4.612
A44: Change in current and non-current prov | B44: Fix wings | D44: -0.19352751 | E44: -2.9628337 | F44: -0.14761905 | G44: 2.0326797 | H44: -0.92215569
A45: Change in current and non-current prov | B45: Military Support Centers | C45: -2.0456553 | D45: -9.5732701 | E45: -10.500976 | F45: -14.259619 | G45: -17.06732 | H45: -5.5341557
A46: Change in current and non-current prov | B46: Multiservice contracts | C46: -2.166632 | D46: -9.3311036 | E46: -10.981862 | F46: -12.186551 | G46: -34.497375 | H46: -4.8987876
A47: Change in current and non-current prov | B47: Training | C47: -0.70631724 | D47: -0.09027726 | E47: -1.2934142 | F47: 0.802 | G47: -0.97535397 | H47: 0.802
A48: Change in current and non-current prov | B48: Used | D48: 0.09511342 | E48: -0.027 | F48: -0.01176471 | G48: -0.06840722 | H48: -0.01176471
A49: Change in current and non-current prov | B49: Support Engineering | C49: 0.63778705 | D49: -0.22499123 | E49: 0.28748824 | F49: 0.01347369 | G49: 0.02058342 | H49: 0.01347369
A50: Change in current and non-current prov | B50: S&S Misc - Other | C50: -1.7426418 | D50: -1.3559773 | E50: 0.16957709 | F50: -1.943136 | G50: -2.4027551 | H50: -0.943136
A51: Change in current and non-current prov | B51: S&S Misc. | C51: -1.811172 | D51: -1.5761324 | E51: -0.86334891 | F51: -1.139427 | G51: -3.4259328 | H51: -0.13942702
A52: Change in current and non-current prov | B52: Other S&S activities | C52: -3.977804 | D52: -10.907236 | E52: -11.845211 | F52: -13.325978 | G52: -37.923307 | H52: -5.0382146
A53: EBITDAP | B53: Spares | C53: 81.864859 | D53: 296.33702 | E53: 61.067457 | F53: 299.51056 | G53: 321.22704 | H53: 303.97508
A54: EBITDAP | B54: Spares | C54: 81.864859 | D54: 296.33702 | E54: 61.067457 | F54: 299.51056 | G54: 321.22704 | H54: 303.97508
A55: EBITDAP | B55: MRO Aircraft | C55: 11.746911 | D55: 42.185098 | E55: 5.7128651 | F55: 43.22222 | G55: 50.505336 | H55: 41.548123
A56: EBITDAP | B56: MRO Component repairs & PBH | C56: 38.197953 | D56: 159.25617 | E56: 30.029493 | F56: 145.8766 | G56: 158.63345 | H56: 150.65517
A57: EBITDAP | B57: MRO | C57: 49.944864 | D57: 201.44127 | E57: 35.742358 | F57: 189.09882 | G57: 209.13879 | H57: 192.2033
A58: EBITDAP | B58: Military Support Center France | C58: 13.984296 | D58: 20.813264 | E58: 8.2124135 | F58: 53.571843 | G58: 27.286598 | H58: 71.571843
A59: EBITDAP | B59: Military Support Center Germany | C59: 5.444846 | D59: 18.675498 | E59: -0.37782449 | F59: 25.002 | G59: 12.368 | H59: 28.702
A60: EBITDAP | B60: Fix wings | D60: 17.701905 | E60: -0.26583239 | F60: 14.60872 | G60: 16.949588 | H60: 14.114826
A61: EBITDAP | B61: Military Support Centers | C61: 19.429142 | D61: 57.190667 | E61: 7.5687566 | F61: 93.182563 | G61: 56.604186 | H61: 114.38867
A62: EBITDAP | B62: Multiservice contracts | C62: 5.3318344 | D62: 13.867188 | E62: -6.6323494 | F62: 15.121254 | G62: -20.787666 | H62: 23.047851
A63: EBITDAP | B63: S&S Misc. | C63: -11.161144 | D63: -50.784653 | E63: -11.27467 | F63: -57.58749 | G63: -56.845612 | H63: -53.312886
A64: EBITDAP | B64: Other S&S activities | C64: -5.8293098 | D64: -36.917466 | E64: -17.907019 | F64: -42.466236 | G64: -77.633278 | H64: -30.265035
A65: Gross cash f.op.excl. contr. to plan ass | B65: Spares | C65: 81.864859 | D65: 296.33702 | E65: 61.067457 | F65: 299.51056 | G65: 321.22704 | H65: 303.97508
A66: Gross cash f.op.excl. contr. to plan ass | B66: Spares | C66: 81.864859 | D66: 296.33702 | E66: 61.067457 | F66: 299.51056 | G66: 321.22704 | H66: 303.97508
A67: Gross cash f.op.excl. contr. to plan ass | B67: MRO Aircraft | C67: 11.746911 | D67: 42.185098 | E67: 5.7128651 | F67: 43.22222 | G67: 50.505336 | H67: 41.548123
A68: Gross cash f.op.excl. contr. to plan ass | B68: MRO Component repairs & PBH | C68: 38.197953 | D68: 159.25617 | E68: 30.029493 | F68: 145.8766 | G68: 158.63345 | H68: 150.65517
A69: Gross cash f.op.excl. contr. to plan ass | B69: MRO | C69: 49.944864 | D69: 201.44127 | E69: 35.742358 | F69: 189.09882 | G69: 209.13879 | H69: 192.2033
A70: Gross cash f.op.excl. contr. to plan ass | B70: Military Support Center France | C70: 13.984296 | D70: 20.813264 | E70: 8.2124135 | F70: 53.571843 | G70: 27.286598 | H70: 71.571843
A71: Gross cash f.op.excl. contr. to plan ass | B71: Military Support Center Germany | C71: 5.444846 | D71: 18.675498 | E71: -0.37782449 | F71: 25.002 | G71: 12.368 | H71: 28.702
A72: Gross cash f.op.excl. contr. to plan ass | B72: Fix wings | D72: 17.701905 | E72: -0.26583239 | F72: 14.60872 | G72: 16.949588 | H72: 14.114826
A73: Gross cash f.op.excl. contr. to plan ass | B73: Military Support Centers | C73: 19.429142 | D73: 57.190667 | E73: 7.5687566 | F73: 93.182563 | G73: 56.604186 | H73: 114.38867
A74: Gross cash f.op.excl. contr. to plan ass | B74: Multiservice contracts | C74: 5.3318344 | D74: 13.867188 | E74: -6.6323494 | F74: 15.121254 | G74: -20.787666 | H74: 23.047851
A75: Gross cash f.op.excl. contr. to plan ass | B75: S&S Misc. | C75: -11.161144 | D75: -50.784653 | E75: -11.27467 | F75: -57.58749 | G75: -56.845612 | H75: -53.312886
A76: Gross cash f.op.excl. contr. to plan ass | B76: Other S&S activities | C76: -5.8293098 | D76: -36.917466 | E76: -17.907019 | F76: -42.466236 | G76: -77.633278 | H76: -30.265035
A77: Inventories & WIP | B77: Spares | C77: 0.12899924 | D77: 27.828815 | E77: 10.004869 | F77: 0.14442668 | G77: 2.5182537 | H77: -0.11501113
A78: Inventories & WIP | B78: Spares | C78: 0.12899924 | D78: 27.828815 | E78: 10.004869 | F78: 0.14442668 | G78: 2.5182537 | H78: -0.11501113
A79: Inventories & WIP | B79: MRO Aircraft | C79: -6.6101385 | D79: -24.496141 | E79: -16.102993 | F79: -1.9182516 | G79: 9.3489518 | H79: 0.60704633
A80: Inventories & WIP | B80: MRO Component repairs & PBH | C80: -21.09716 | D80: 40.739005 | E80: -32.431298 | F80: -8.4031509 | G80: 18.26514 | H80: -8.8355916
A81: Inventories & WIP | B81: MRO | C81: -27.707299 | D81: 16.242864 | E81: -48.534291 | F81: -10.321402 | G81: 27.614092 | H81: -8.2285452
A82: Inventories & WIP | B82: Military Support Center France | C82: -7.0261366 | D82: -2.567762 | E82: -15.41801 | F82: 4.782 | G82: -4.5 | H82: 14.682
A83: Inventories & WIP | B83: Military Support Center Germany | C83: -11.981029 | D83: 19.464766 | E83: -8.9453512 | F83: -5.318 | G83: 10.552 | H83: -5.318
A84: Inventories & WIP | B84: Fix wings | D84: -5.5963361 | E84: -0.91481359 | F84: 0.10884354 | G84: 0.36601307 | H84: 0.09580838
A85: Inventories & WIP | B85: Military Support Centers | C85: -19.007165 | D85: 11.300668 | E85: -25.278175 | F85: -0.42715646 | G85: 6.4180131 | H85: 9.4598084
A86: Inventories & WIP | B86: Multiservice contracts | C86: -8.2675349 | D86: 3.7115172 | E86: -1.9453869 | F86: 16.003972 | G86: 2.7791297 | H86: 15.699203
A87: Inventories & WIP | B87: S&S Misc. | C87: -0.71375005 | D87: 4.9587571 | E87: -1.1777617 | F87: -9.307428 | G87: -6.0906145 | H87: -17.571367
A88: Inventories & WIP | B88: Other S&S activities | C88: -8.9812849 | D88: 8.6702743 | E88: -3.1231486 | F88: 6.6965442 | G88: -3.3114848 | H88: -1.8721644
A89: Inventories (incl. Adv. Payments made) | B89: Spares | C89: 0.12899924 | D89: 27.828815 | E89: 10.004869 | F89: 0.14442668 | G89: 2.5182537 | H89: -0.11501113
A90: Inventories (incl. Adv. Payments made) | B90: Spares | C90: 0.12899924 | D90: 27.828815 | E90: 10.004869 | F90: 0.14442668 | G90: 2.5182537 | H90: -0.11501113
A91: Inventories (incl. Adv. Payments made) | B91: MRO Aircraft | C91: -6.6101385 | D91: -24.496141 | E91: -16.102993 | F91: -1.9182516 | G91: 9.3489518 | H91: 0.60704633
A92: Inventories (incl. Adv. Payments made) | B92: MRO Component repairs & PBH | C92: -21.09716 | D92: 40.739005 | E92: -32.431298 | F92: -8.4031509 | G92: 18.26514 | H92: -8.8355916
A93: Inventories (incl. Adv. Payments made) | B93: MRO | C93: -27.707299 | D93: 16.242864 | E93: -48.534291 | F93: -10.321402 | G93: 27.614092 | H93: -8.2285452
A94: Inventories (incl. Adv. Payments made) | B94: Military Support Center France | C94: -7.0261366 | D94: -2.567762 | E94: -15.41801 | F94: 4.782 | G94: -4.5 | H94: 14.682
A95: Inventories (incl. Adv. Payments made) | B95: Military Support Center Germany | C95: -11.981029 | D95: 19.464766 | E95: -8.9453512 | F95: -5.318 | G95: 10.552 | H95: -5.318
A96: Inventories (incl. Adv. Payments made) | B96: Fix wings | D96: -5.5963361 | E96: -0.91481359 | F96: 0.10884354 | G96: 0.36601307 | H96: 0.09580838
A97: Inventories (incl. Adv. Payments made) | B97: Military Support Centers | C97: -19.007165 | D97: 11.300668 | E97: -25.278175 | F97: -0.42715646 | G97: 6.4180131 | H97: 9.4598084
A98: Inventories (incl. Adv. Payments made) | B98: Multiservice contracts | C98: -8.2675349 | D98: 3.7115172 | E98: -1.9453869 | F98: 16.003972 | G98: 2.7791297 | H98: 15.699203
A99: Inventories (incl. Adv. Payments made) | B99: Training | C99: -3.3637302 | D99: -5.1629316 | E99: 2.9699178 | F99: -3.582091 | G99: -1.8241209 | H99: -3.582091
A100: Inventories (incl. Adv. Payments made) | B100: Used | C100: 0.90044082 | D100: 10.997261 | E100: -1.3610948 | F100: 1.5654545 | G100: 12.812609 | H100: 1.3776
...

Sheet FCF
A1: PARAMETRE | D1: ACTUAL | F1: ACTUAL | H1: L2AH / OP 2017 / Version 001 | J1: L2AH / FC1 2017 / Version 001 | L1: L2AH / FC2 2017 / Version 001
D2: 2016 | F2: 2017 | H2: 2017 | J2: 2017 | L2: 2017
D3: 12 | F3: 3 | H3: 12 | J3: 12 | L3: 12
D4: FCF excl.change in securities & CTA cont | F4: FCF excl.change in securities & CTA cont | H4: FCF excl.change in securities & CTA cont | J4: FCF excl.change in securities & CTA cont | L4: FCF excl.change in securities & CTA cont
B6: FCF | D6: Actuals 2016 | F6: Actuals as of March.17 | H6: OP17 y17 | J6: FC1 17 | L6: FC2 17 | N6: Delta FC2 vs OP | P6: Delta FC2 vs Actuals 2016 | R6: Delta FC2 vs FC1
B7: in M€
A8: Spares | B8: =A8 -> Spares | D8: {=SUM(IF(($A8='FCF QUERY'!$B$6:$B$999)*(D$1='FCF QUERY'!$D$1:$BI$1)*(D$2='FCF QUERY'!$D$2:$BI$2)*(D$3='FCF QUERY'!$D$3:$BI$3)*(D$4='FCF QUERY'!$A$6:$A$999),'FCF QUERY'!$D$6:$BI$999))/COUNT(IF(($A8='FCF QUERY'!$B$6:$B$999)*(D$1='FCF QUERY'!$D$1:$BI$1)*(D$2='FCF QUERY'!$D$2:$BI$2)*(D$3='FCF QUERY'!$D$3:$BI$3)*(D$4='FCF QUERY'!$A$6:$A$999),'FCF QUERY'!$D$6:$BI$999))} -> 285.5054 | F8: {=SUM(IF(($A8='FCF QUERY'!$B$6:$B$999)*(F$1='FCF QUERY'!$D$1:$BI$1)*(F$2='FCF QUERY'!$D$2:$BI$2)*(F$3='FCF QUERY'!$D$3:$BI$3)*(F$4='FCF QUERY'!$A$6:$A$999),'FCF QUERY'!$D$6:$BI$999))/COUNT(IF(($A8='FCF QUERY'!$B$6:$B$999)*(F$1='FCF QUERY'!$D$1:$BI$1)*(F$2='FCF QUERY'!$D$2:$BI$2)*(F$3='FCF QUERY'!$D$3:$BI$3)*(F$4='FCF QUERY'!$A$6:$A$999),'FCF QUERY'!$D$6:$BI$999))} -> 111.08338 | H8: {=SUM(IF(($A8='FCF QUERY'!$B$6:$B$999)*(H$1='FCF QUERY'!$D$1:$BI$1)*(H$2='FCF QUERY'!$D$2:$BI$2)*(H$3='FCF QUERY'!$D$3:$BI$3)*(H$4='FCF QUERY'!$A$6:$A$999),'FCF QUERY'!$D$6:$BI$999))/COUNT(IF(($A8='FCF QUERY'!$B$6:$B$999)*(H$1='FCF QUERY'!$D$1:$BI$1)*(H$2='FCF QUERY'!$D$2:$BI$2)*(H$3='FCF QUERY'!$D$3:$BI$3)*(H$4='FCF QUERY'!$A$6:$A$999),'FCF QUERY'!$D$6:$BI$999))} -> 323.84281 | J8: {=SUM(IF(($A8='FCF QUERY'!$B$6:$B$999)*(J$1='FCF QUERY'!$D$1:$BI$1)*(J$2='FCF QUERY'!$D$2:$BI$2)*(J$3='FCF QUERY'!$D$3:$BI$3)*(J$4='FCF QUERY'!$A$6:$A$999),'FCF QUERY'!$D$6:$BI$999))/COUNT(IF(($A8='FCF QUERY'!$B$6:$B$999)*(J$1='FCF QUERY'!$D$1:$BI$1)*(J$2='FCF QUERY'!$D$2:$BI$2)*(J$3='FCF QUERY'!$D$3:$BI$3)*(J$4='FCF QUERY'!$A$6:$A$999),'FCF QUERY'!$D$6:$BI$999))} -> 318.25591 | L8: {=SUM(IF(($A8='FCF QUERY'!$B$6:$B$999)*(L$1='FCF QUERY'!$D$1:$BI$1)*(L$2='FCF QUERY'!$D$2:$BI$2)*(L$3='FCF QUERY'!$D$3:$BI$3)*(L$4='FCF QUERY'!$A$6:$A$999),'FCF QUERY'!$D$6:$BI$999))/COUNT(IF(($A8='FCF QUERY'!$B$6:$B$999)*(L$1='FCF QUERY'!$D$1:$BI$1)*(L$2='FCF QUERY'!$D$2:$BI$2)*(L$3='FCF QUERY'!$D$3:$BI$3)*(L$4='FCF QUERY'!$A$6:$A$999),'FCF QUERY'!$D$6:$BI$999))} -> #DIV/0! | N8: =+L8-H8 -> #DIV/0! | P8: =L8-D8 -> #DIV/0! | R8: =N8-F8 -> #DIV/0!
A9: MRO Component repairs & PBH | B9: =A9 -> MRO Component repairs & PBH | D9: {=SUM(IF(($A9='FCF QUERY'!$B$6:$B$999)*(D$1='FCF QUERY'!$D$1:$BI$1)*(D$2='FCF QUERY'!$D$2:$BI$2)*(D$3='FCF QUERY'!$D$3:$BI$3)*(D$4='FCF QUERY'!$A$6:$A$999),'FCF QUERY'!$D$6:$BI$999))/COUNT(IF(($A9='FCF QUERY'!$B$6:$B$999)*(D$1='FCF QUERY'!$D$1:$BI$1)*(D$2='FCF QUERY'!$D$2:$BI$2)*(D$3='FCF QUERY'!$D$3:$BI$3)*(D$4='FCF QUERY'!$A$6:$A$999),'FCF QUERY'!$D$6:$BI$999))} -> 175.25148 | F9: {=SUM(IF(($A9='FCF QUERY'!$B$6:$B$999)*(F$1='FCF QUERY'!$D$1:$BI$1)*(F$2='FCF QUERY'!$D$2:$BI$2)*(F$3='FCF QUERY'!$D$3:$BI$3)*(F$4='FCF QUERY'!$A$6:$A$999),'FCF QUERY'!$D$6:$BI$999))/COUNT(IF(($A9='FCF QUERY'!$B$6:$B$999)*(F$1='FCF QUERY'!$D$1:$BI$1)*(F$2='FCF QUERY'!$D$2:$BI$2)*(F$3='FCF QUERY'!$D$3:$BI$3)*(F$4='FCF QUERY'!$A$6:$A$999),'FCF QUERY'!$D$6:$BI$999))} -> -30.539701 | H9: {=SUM(IF(($A9='FCF QUERY'!$B$6:$B$999)*(H$1='FCF QUERY'!$D$1:$BI$1)*(H$2='FCF QUERY'!$D$2:$BI$2)*(H$3='FCF QUERY'!$D$3:$BI$3)*(H$4='FCF QUERY'!$A$6:$A$999),'FCF QUERY'!$D$6:$BI$999))/COUNT(IF(($A9='FCF QUERY'!$B$6:$B$999)*(H$1='FCF QUERY'!$D$1:$BI$1)*(H$2='FCF QUERY'!$D$2:$BI$2)*(H$3='FCF QUERY'!$D$3:$BI$3)*(H$4='FCF QUERY'!$A$6:$A$999),'FCF QUERY'!$D$6:$BI$999))} -> 126.19937 | J9: {=SUM(IF(($A9='FCF QUERY'!$B$6:$B$999)*(J$1='FCF QUERY'!$D$1:$BI$1)*(J$2='FCF QUERY'!$D$2:$BI$2)*(J$3='FCF QUERY'!$D$3:$BI$3)*(J$4='FCF QUERY'!$A$6:$A$999),'FCF QUERY'!$D$6:$BI$999))/COUNT(IF(($A9='FCF QUERY'!$B$6:$B$999)*(J$1='FCF QUERY'!$D$1:$BI$1)*(J$2='FCF QUERY'!$D$2:$BI$2)*(J$3='FCF QUERY'!$D$3:$BI$3)*(J$4='FCF QUERY'!$A$6:$A$999),'FCF QUERY'!$D$6:$BI$999))} -> 116.17667 | L9: {=SUM(IF(($A9='FCF QUERY'!$B$6:$B$999)*(L$1='FCF QUERY'!$D$1:$BI$1)*(L$2='FCF QUERY'!$D$2:$BI$2)*(L$3='FCF QUERY'!$D$3:$BI$3)*(L$4='FCF QUERY'!$A$6:$A$999),'FCF QUERY'!$D$6:$BI$999))/COUNT(IF(($A9='FCF QUERY'!$B$6:$B$999)*(L$1='FCF QUERY'!$D$1:$BI$1)*(L$2='FCF QUERY'!$D$2:$BI$2)*(L$3='FCF QUERY'!$D$3:$BI$3)*(L$4='FCF QUERY'!$A$6:$A$999),'FCF QUERY'!$D$6:$BI$999))} -> #DIV/0! | N9: =+L9-H9 -> #DIV/0! | P9: =L9-D9 -> #DIV/0! | R9: =N9-F9 -> #DIV/0!
A10: MRO Aircraft | B10: =A10 -> MRO Aircraft | D10: {=SUM(IF(($A10='FCF QUERY'!$B$6:$B$999)*(D$1='FCF QUERY'!$D$1:$BI$1)*(D$2='FCF QUERY'!$D$2:$BI$2)*(D$3='FCF QUERY'!$D$3:$BI$3)*(D$4='FCF QUERY'!$A$6:$A$999),'FCF QUERY'!$D$6:$BI$999))/COUNT(IF(($A10='FCF QUERY'!$B$6:$B$999)*(D$1='FCF QUERY'!$D$1:$BI$1)*(D$2='FCF QUERY'!$D$2:$BI$2)*(D$3='FCF QUERY'!$D$3:$BI$3)*(D$4='FCF QUERY'!$A$6:$A$999),'FCF QUERY'!$D$6:$BI$999))} -> -0.05931827 | F10: {=SUM(IF(($A10='FCF QUERY'!$B$6:$B$999)*(F$1='FCF QUERY'!$D$1:$BI$1)*(F$2='FCF QUERY'!$D$2:$BI$2)*(F$3='FCF QUERY'!$D$3:$BI$3)*(F$4='FCF QUERY'!$A$6:$A$999),'FCF QUERY'!$D$6:$BI$999))/COUNT(IF(($A10='FCF QUERY'!$B$6:$B$999)*(F$1='FCF QUERY'!$D$1:$BI$1)*(F$2='FCF QUERY'!$D$2:$BI$2)*(F$3='FCF QUERY'!$D$3:$BI$3)*(F$4='FCF QUERY'!$A$6:$A$999),'FCF QUERY'!$D$6:$BI$999))} -> -4.3349097 | H10: {=SUM(IF(($A10='FCF QUERY'!$B$6:$B$999)*(H$1='FCF QUERY'!$D$1:$BI$1)*(H$2='FCF QUERY'!$D$2:$BI$2)*(H$3='FCF QUERY'!$D$3:$BI$3)*(H$4='FCF QUERY'!$A$6:$A$999),'FCF QUERY'!$D$6:$BI$999))/COUNT(IF(($A10='FCF QUERY'!$B$6:$B$999)*(H$1='FCF QUERY'!$D$1:$BI$1)*(H$2='FCF QUERY'!$D$2:$BI$2)*(H$3='FCF QUERY'!$D$3:$BI$3)*(H$4='FCF QUERY'!$A$6:$A$999),'FCF QUERY'!$D$6:$BI$999))} -> 29.204122 | J10: {=SUM(IF(($A10='FCF QUERY'!$B$6:$B$999)*(J$1='FCF QUERY'!$D$1:$BI$1)*(J$2='FCF QUERY'!$D$2:$BI$2)*(J$3='FCF QUERY'!$D$3:$BI$3)*(J$4='FCF QUERY'!$A$6:$A$999),'FCF QUERY'!$D$6:$BI$999))/COUNT(IF(($A10='FCF QUERY'!$B$6:$B$999)*(J$1='FCF QUERY'!$D$1:$BI$1)*(J$2='FCF QUERY'!$D$2:$BI$2)*(J$3='FCF QUERY'!$D$3:$BI$3)*(J$4='FCF QUERY'!$A$6:$A$999),'FCF QUERY'!$D$6:$BI$999))} -> 33.829557 | L10: {=SUM(IF(($A10='FCF QUERY'!$B$6:$B$999)*(L$1='FCF QUERY'!$D$1:$BI$1)*(L$2='FCF QUERY'!$D$2:$BI$2)*(L$3='FCF QUERY'!$D$3:$BI$3)*(L$4='FCF QUERY'!$A$6:$A$999),'FCF QUERY'!$D$6:$BI$999))/COUNT(IF(($A10='FCF QUERY'!$B$6:$B$999)*(L$1='FCF QUERY'!$D$1:$BI$1)*(L$2='FCF QUERY'!$D$2:$BI$2)*(L$3='FCF QUERY'!$D$3:$BI$3)*(L$4='FCF QUERY'!$A$6:$A$999),'FCF QUERY'!$D$6:$BI$999))} -> #DIV/0! | N10: =+L10-H10 -> #DIV/0! | P10: =L10-D10 -> #DIV/0! | R10: =N10-F10 -> #DIV/0!
A11: Military Support Center France | B11: =A11 -> Military Support Center France | D11: {=SUM(IF(($A11='FCF QUERY'!$B$6:$B$999)*(D$1='FCF QUERY'!$D$1:$BI$1)*(D$2='FCF QUERY'!$D$2:$BI$2)*(D$3='FCF QUERY'!$D$3:$BI$3)*(D$4='FCF QUERY'!$A$6:$A$999),'FCF QUERY'!$D$6:$BI$999))/COUNT(IF(($A11='FCF QUERY'!$B$6:$B$999)*(D$1='FCF QUERY'!$D$1:$BI$1)*(D$2='FCF QUERY'!$D$2:$BI$2)*(D$3='FCF QUERY'!$D$3:$BI$3)*(D$4='FCF QUERY'!$A$6:$A$999),'FCF QUERY'!$D$6:$BI$999))} -> 5.5987992 | F11: {=SUM(IF(($A11='FCF QUERY'!$B$6:$B$999)*(F$1='FCF QUERY'!$D$1:$BI$1)*(F$2='FCF QUERY'!$D$2:$BI$2)*(F$3='FCF QUERY'!$D$3:$BI$3)*(F$4='FCF QUERY'!$A$6:$A$999),'FCF QUERY'!$D$6:$BI$999))/COUNT(IF(($A11='FCF QUERY'!$B$6:$B$999)*(F$1='FCF QUERY'!$D$1:$BI$1)*(F$2='FCF QUERY'!$D$2:$BI$2)*(F$3='FCF QUERY'!$D$3:$BI$3)*(F$4='FCF QUERY'!$A$6:$A$999),'FCF QUERY'!$D$6:$BI$999))} -> 45.46335 | H11: {=SUM(IF(($A11='FCF QUERY'!$B$6:$B$999)*(H$1='FCF QUERY'!$D$1:$BI$1)*(H$2='FCF QUERY'!$D$2:$BI$2)*(H$3='FCF QUERY'!$D$3:$BI$3)*(H$4='FCF QUERY'!$A$6:$A$999),'FCF QUERY'!$D$6:$BI$999))/COUNT(IF(($A11='FCF QUERY'!$B$6:$B$999)*(H$1='FCF QUERY'!$D$1:$BI$1)*(H$2='FCF QUERY'!$D$2:$BI$2)*(H$3='FCF QUERY'!$D$3:$BI$3)*(H$4='FCF QUERY'!$A$6:$A$999),'FCF QUERY'!$D$6:$BI$999))} -> 103.23659 | J11: {=SUM(IF(($A11='FCF QUERY'!$B$6:$B$999)*(J$1='FCF QUERY'!$D$1:$BI$1)*(J$2='FCF QUERY'!$D$2:$BI$2)*(J$3='FCF QUERY'!$D$3:$BI$3)*(J$4='FCF QUERY'!$A$6:$A$999),'FCF QUERY'!$D$6:$BI$999))/COUNT(IF(($A11='FCF QUERY'!$B$6:$B$999)*(J$1='FCF QUERY'!$D$1:$BI$1)*(J$2='FCF QUERY'!$D$2:$BI$2)*(J$3='FCF QUERY'!$D$3:$BI$3)*(J$4='FCF QUERY'!$A$6:$A$999),'FCF QUERY'!$D$6:$BI$999))} -> 82.336592 | L11: {=SUM(IF(($A11='FCF QUERY'!$B$6:$B$999)*(L$1='FCF QUERY'!$D$1:$BI$1)*(L$2='FCF QUERY'!$D$2:$BI$2)*(L$3='FCF QUERY'!$D$3:$BI$3)*(L$4='FCF QUERY'!$A$6:$A$999),'FCF QUERY'!$D$6:$BI$999))/COUNT(IF(($A11='FCF QUERY'!$B$6:$B$999)*(L$1='FCF QUERY'!$D$1:$BI$1)*(L$2='FCF QUERY'!$D$2:$BI$2)*(L$3='FCF QUERY'!$D$3:$BI$3)*(L$4='FCF QUERY'!$A$6:$A$999),'FCF QUERY'!$D$6:$BI$999))} -> #DIV/0! | N11: =+L11-H11 -> #DIV/0! | P11: =L11-D11 -> #DIV/0! | R11: =N11-F11 -> #DIV/0!
A12: Military Support Center Germany | B12: =A12 -> Military Support Center Germany | D12: {=SUM(IF(($A12='FCF QUERY'!$B$6:$B$999)*(D$1='FCF QUERY'!$D$1:$BI$1)*(D$2='FCF QUERY'!$D$2:$BI$2)*(D$3='FCF QUERY'!$D$3:$BI$3)*(D$4='FCF QUERY'!$A$6:$A$999),'FCF QUERY'!$D$6:$BI$999))/COUNT(IF(($A12='FCF QUERY'!$B$6:$B$999)*(D$1='FCF QUERY'!$D$1:$BI$1)*(D$2='FCF QUERY'!$D$2:$BI$2)*(D$3='FCF QUERY'!$D$3:$BI$3)*(D$4='FCF QUERY'!$A$6:$A$999),'FCF QUERY'!$D$6:$BI$999))} -> 34.383415 | F12: {=SUM(IF(($A12='FCF QUERY'!$B$6:$B$999)*(F$1='FCF QUERY'!$D$1:$BI$1)*(F$2='FCF QUERY'!$D$2:$BI$2)*(F$3='FCF QUERY'!$D$3:$BI$3)*(F$4='FCF QUERY'!$A$6:$A$999),'FCF QUERY'!$D$6:$BI$999))/COUNT(IF(($A12='FCF QUERY'!$B$6:$B$999)*(F$1='FCF QUERY'!$D$1:$BI$1)*(F$2='FCF QUERY'!$D$2:$BI$2)*(F$3='FCF QUERY'!$D$3:$BI$3)*(F$4='FCF QUERY'!$A$6:$A$999),'FCF QUERY'!$D$6:$BI$999))} -> -5.963383 | H12: {=SUM(IF(($A12='FCF QUERY'!$B$6:$B$999)*(H$1='FCF QUERY'!$D$1:$BI$1)*(H$2='FCF QUERY'!$D$2:$BI$2)*(H$3='FCF QUERY'!$D$3:$BI$3)*(H$4='FCF QUERY'!$A$6:$A$999),'FCF QUERY'!$D$6:$BI$999))/COUNT(IF(($A12='FCF QUERY'!$B$6:$B$999)*(H$1='FCF QUERY'!$D$1:$BI$1)*(H$2='FCF QUERY'!$D$2:$BI$2)*(H$3='FCF QUERY'!$D$3:$BI$3)*(H$4='FCF QUERY'!$A$6:$A$999),'FCF QUERY'!$D$6:$BI$999))} -> 28.174 | J12: {=SUM(IF(($A12='FCF QUERY'!$B$6:$B$999)*(J$1='FCF QUERY'!$D$1:$BI$1)*(J$2='FCF QUERY'!$D$2:$BI$2)*(J$3='FCF QUERY'!$D$3:$BI$3)*(J$4='FCF QUERY'!$A$6:$A$999),'FCF QUERY'!$D$6:$BI$999))/COUNT(IF(($A12='FCF QUERY'!$B$6:$B$999)*(J$1='FCF QUERY'!$D$1:$BI$1)*(J$2='FCF QUERY'!$D$2:$BI$2)*(J$3='FCF QUERY'!$D$3:$BI$3)*(J$4='FCF QUERY'!$A$6:$A$999),'FCF QUERY'!$D$6:$BI$999))} -> 24.474 | L12: {=SUM(IF(($A12='FCF QUERY'!$B$6:$B$999)*(L$1='FCF QUERY'!$D$1:$BI$1)*(L$2='FCF QUERY'!$D$2:$BI$2)*(L$3='FCF QUERY'!$D$3:$BI$3)*(L$4='FCF QUERY'!$A$6:$A$999),'FCF QUERY'!$D$6:$BI$999))/COUNT(IF(($A12='FCF QUERY'!$B$6:$B$999)*(L$1='FCF QUERY'!$D$1:$BI$1)*(L$2='FCF QUERY'!$D$2:$BI$2)*(L$3='FCF QUERY'!$D$3:$BI$3)*(L$4='FCF QUERY'!$A$6:$A$999),'FCF QUERY'!$D$6:$BI$999))} -> #DIV/0! | N12: =+L12-H12 -> #DIV/0! | P12: =L12-D12 -> #DIV/0! | R12: =N12-F12 -> #DIV/0!
A13: Fix wings | B13: =A13 -> Fix wings | D13: {=SUM(IF(($A13='FCF QUERY'!$B$6:$B$999)*(D$1='FCF QUERY'!$D$1:$BI$1)*(D$2='FCF QUERY'!$D$2:$BI$2)*(D$3='FCF QUERY'!$D$3:$BI$3)*(D$4='FCF QUERY'!$A$6:$A$999),'FCF QUERY'!$D$6:$BI$999))/COUNT(IF(($A13='FCF QUERY'!$B$6:$B$999)*(D$1='FCF QUERY'!$D$1:$BI$1)*(D$2='FCF QUERY'!$D$2:$BI$2)*(D$3='FCF QUERY'!$D$3:$BI$3)*(D$4='FCF QUERY'!$A$6:$A$999),'FCF QUERY'!$D$6:$BI$999))} -> 4.8414829 | F13: {=SUM(IF(($A13='FCF QUERY'!$B$6:$B$999)*(F$1='FCF QUERY'!$D$1:$BI$1)*(F$2='FCF QUERY'!$D$2:$BI$2)*(F$3='FCF QUERY'!$D$3:$BI$3)*(F$4='FCF QUERY'!$A$6:$A$999),'FCF QUERY'!$D$6:$BI$999))/COUNT(IF(($A13='FCF QUERY'!$B$6:$B$999)*(F$1='FCF QUERY'!$D$1:$BI$1)*(F$2='FCF QUERY'!$D$2:$BI$2)*(F$3='FCF QUERY'!$D$3:$BI$3)*(F$4='FCF QUERY'!$A$6:$A$999),'FCF QUERY'!$D$6:$BI$999))} -> -2.0247254 | H13: {=SUM(IF(($A13='FCF QUERY'!$B$6:$B$999)*(H$1='FCF QUERY'!$D$1:$BI$1)*(H$2='FCF QUERY'!$D$2:$BI$2)*(H$3='FCF QUERY'!$D$3:$BI$3)*(H$4='FCF QUERY'!$A$6:$A$999),'FCF QUERY'!$D$6:$BI$999))/COUNT(IF(($A13='FCF QUERY'!$B$6:$B$999)*(H$1='FCF QUERY'!$D$1:$BI$1)*(H$2='FCF QUERY'!$D$2:$BI$2)*(H$3='FCF QUERY'!$D$3:$BI$3)*(H$4='FCF QUERY'!$A$6:$A$999),'FCF QUERY'!$D$6:$BI$999))} -> 14.176503 | J13: {=SUM(IF(($A13='FCF QUERY'!$B$6:$B$999)*(J$1='FCF QUERY'!$D$1:$BI$1)*(J$2='FCF QUERY'!$D$2:$BI$2)*(J$3='FCF QUERY'!$D$3:$BI$3)*(J$4='FCF QUERY'!$A$6:$A$999),'FCF QUERY'!$D$6:$BI$999))/COUNT(IF(($A13='FCF QUERY'!$B$6:$B$999)*(J$1='FCF QUERY'!$D$1:$BI$1)*(J$2='FCF QUERY'!$D$2:$BI$2)*(J$3='FCF QUERY'!$D$3:$BI$3)*(J$4='FCF QUERY'!$A$6:$A$999),'FCF QUERY'!$D$6:$BI$999))} -> 13.078788 | L13: {=SUM(IF(($A13='FCF QUERY'!$B$6:$B$999)*(L$1='FCF QUERY'!$D$1:$BI$1)*(L$2='FCF QUERY'!$D$2:$BI$2)*(L$3='FCF QUERY'!$D$3:$BI$3)*(L$4='FCF QUERY'!$A$6:$A$999),'FCF QUERY'!$D$6:$BI$999))/COUNT(IF(($A13='FCF QUERY'!$B$6:$B$999)*(L$1='FCF QUERY'!$D$1:$BI$1)*(L$2='FCF QUERY'!$D$2:$BI$2)*(L$3='FCF QUERY'!$D$3:$BI$3)*(L$4='FCF QUERY'!$A$6:$A$999),'FCF QUERY'!$D$6:$BI$999))} -> #DIV/0! | N13: =+L13-H13 -> #DIV/0! | P13: =L13-D13 -> #DIV/0! | R13: =N13-F13 -> #DIV/0!
A14: Multiservice contracts | B14: =A14 -> Multiservice contracts | D14: {=SUM(IF(($A14='FCF QUERY'!$B$6:$B$999)*(D$1='FCF QUERY'!$D$1:$BI$1)*(D$2='FCF QUERY'!$D$2:$BI$2)*(D$3='FCF QUERY'!$D$3:$BI$3)*(D$4='FCF QUERY'!$A$6:$A$999),'FCF QUERY'!$D$6:$BI$999))/COUNT(IF(($A14='FCF QUERY'!$B$6:$B$999)*(D$1='FCF QUERY'!$D$1:$BI$1)*(D$2='FCF QUERY'!$D$2:$BI$2)*(D$3='FCF QUERY'!$D$3:$BI$3)*(D$4='FCF QUERY'!$A$6:$A$999),'FCF QUERY'!$D$6:$BI$999))} -> 31.617747 | F14: {=SUM(IF(($A14='FCF QUERY'!$B$6:$B$999)*(F$1='FCF QUERY'!$D$1:$BI$1)*(F$2='FCF QUERY'!$D$2:$BI$2)*(F$3='FCF QUERY'!$D$3:$BI$3)*(F$4='FCF QUERY'!$A$6:$A$999),'FCF QUERY'!$D$6:$BI$999))/COUNT(IF(($A14='FCF QUERY'!$B$6:$B$999)*(F$1='FCF QUERY'!$D$1:$BI$1)*(F$2='FCF QUERY'!$D$2:$BI$2)*(F$3='FCF QUERY'!$D$3:$BI$3)*(F$4='FCF QUERY'!$A$6:$A$999),'FCF QUERY'!$D$6:$BI$999))} -> -7.8059101 | H14: {=SUM(IF(($A14='FCF QUERY'!$B$6:$B$999)*(H$1='FCF QUERY'!$D$1:$BI$1)*(H$2='FCF QUERY'!$D$2:$BI$2)*(H$3='FCF QUERY'!$D$3:$BI$3)*(H$4='FCF QUERY'!$A$6:$A$999),'FCF QUERY'!$D$6:$BI$999))/COUNT(IF(($A14='FCF QUERY'!$B$6:$B$999)*(H$1='FCF QUERY'!$D$1:$BI$1)*(H$2='FCF QUERY'!$D$2:$BI$2)*(H$3='FCF QUERY'!$D$3:$BI$3)*(H$4='FCF QUERY'!$A$6:$A$999),'FCF QUERY'!$D$6:$BI$999))} -> 41.883583 | J14: {=SUM(IF(($A14='FCF QUERY'!$B$6:$B$999)*(J$1='FCF QUERY'!$D$1:$BI$1)*(J$2='FCF QUERY'!$D$2:$BI$2)*(J$3='FCF QUERY'!$D$3:$BI$3)*(J$4='FCF QUERY'!$A$6:$A$999),'FCF QUERY'!$D$6:$BI$999))/COUNT(IF(($A14='FCF QUERY'!$B$6:$B$999)*(J$1='FCF QUERY'!$D$1:$BI$1)*(J$2='FCF QUERY'!$D$2:$BI$2)*(J$3='FCF QUERY'!$D$3:$BI$3)*(J$4='FCF QUERY'!$A$6:$A$999),'FCF QUERY'!$D$6:$BI$999))} -> 34.099614 | L14: {=SUM(IF(($A14='FCF QUERY'!$B$6:$B$999)*(L$1='FCF QUERY'!$D$1:$BI$1)*(L$2='FCF QUERY'!$D$2:$BI$2)*(L$3='FCF QUERY'!$D$3:$BI$3)*(L$4='FCF QUERY'!$A$6:$A$999),'FCF QUERY'!$D$6:$BI$999))/COUNT(IF(($A14='FCF QUERY'!$B$6:$B$999)*(L$1='FCF QUERY'!$D$1:$BI$1)*(L$2='FCF QUERY'!$D$2:$BI$2)*(L$3='FCF QUERY'!$D$3:$BI$3)*(L$4='FCF QUERY'!$A$6:$A$999),'FCF QUERY'!$D$6:$BI$999))} -> #DIV/0! | N14: =+L14-H14 -> #DIV/0! | P14: =L14-D14 -> #DIV/0! | R14: =N14-F14 -> #DIV/0!
A15: Training | B15: =A15 -> Training | D15: {=SUM(IF(($A15='FCF QUERY'!$B$6:$B$999)*(D$1='FCF QUERY'!$D$1:$BI$1)*(D$2='FCF QUERY'!$D$2:$BI$2)*(D$3='FCF QUERY'!$D$3:$BI$3)*(D$4='FCF QUERY'!$A$6:$A$999),'FCF QUERY'!$D$6:$BI$999))/COUNT(IF(($A15='FCF QUERY'!$B$6:$B$999)*(D$1='FCF QUERY'!$D$1:$BI$1)*(D$2='FCF QUERY'!$D$2:$BI$2)*(D$3='FCF QUERY'!$D$3:$BI$3)*(D$4='FCF QUERY'!$A$6:$A$999),'FCF QUERY'!$D$6:$BI$999))} -> 10.16057 | F15: {=SUM(IF(($A15='FCF QUERY'!$B$6:$B$999)*(F$1='FCF QUERY'!$D$1:$BI$1)*(F$2='FCF QUERY'!$D$2:$BI$2)*(F$3='FCF QUERY'!$D$3:$BI$3)*(F$4='FCF QUERY'!$A$6:$A$999),'FCF QUERY'!$D$6:$BI$999))/COUNT(IF(($A15='FCF QUERY'!$B$6:$B$999)*(F$1='FCF QUERY'!$D$1:$BI$1)*(F$2='FCF QUERY'!$D$2:$BI$2)*(F$3='FCF QUERY'!$D$3:$BI$3)*(F$4='FCF QUERY'!$A$6:$A$999),'FCF QUERY'!$D$6:$BI$999))} -> -1.9754873 | H15: {=SUM(IF(($A15='FCF QUERY'!$B$6:$B$999)*(H$1='FCF QUERY'!$D$1:$BI$1)*(H$2='FCF QUERY'!$D$2:$BI$2)*(H$3='FCF QUERY'!$D$3:$BI$3)*(H$4='FCF QUERY'!$A$6:$A$999),'FCF QUERY'!$D$6:$BI$999))/COUNT(IF(($A15='FCF QUERY'!$B$6:$B$999)*(H$1='FCF QUERY'!$D$1:$BI$1)*(H$2='FCF QUERY'!$D$2:$BI$2)*(H$3='FCF QUERY'!$D$3:$BI$3)*(H$4='FCF QUERY'!$A$6:$A$999),'FCF QUERY'!$D$6:$BI$999))} -> 12.261049 | J15: {=SUM(IF(($A15='FCF QUERY'!$B$6:$B$999)*(J$1='FCF QUERY'!$D$1:$BI$1)*(J$2='FCF QUERY'!$D$2:$BI$2)*(J$3='FCF QUERY'!$D$3:$BI$3)*(J$4='FCF QUERY'!$A$6:$A$999),'FCF QUERY'!$D$6:$BI$999))/COUNT(IF(($A15='FCF QUERY'!$B$6:$B$999)*(J$1='FCF QUERY'!$D$1:$BI$1)*(J$2='FCF QUERY'!$D$2:$BI$2)*(J$3='FCF QUERY'!$D$3:$BI$3)*(J$4='FCF QUERY'!$A$6:$A$999),'FCF QUERY'!$D$6:$BI$999))} -> 13.088655 | L15: {=SUM(IF(($A15='FCF QUERY'!$B$6:$B$999)*(L$1='FCF QUERY'!$D$1:$BI$1)*(L$2='FCF QUERY'!$D$2:$BI$2)*(L$3='FCF QUERY'!$D$3:$BI$3)*(L$4='FCF QUERY'!$A$6:$A$999),'FCF QUERY'!$D$6:$BI$999))/COUNT(IF(($A15='FCF QUERY'!$B$6:$B$999)*(L$1='FCF QUERY'!$D$1:$BI$1)*(L$2='FCF QUERY'!$D$2:$BI$2)*(L$3='FCF QUERY'!$D$3:$BI$3)*(L$4='FCF QUERY'!$A$6:$A$999),'FCF QUERY'!$D$6:$BI$999))} -> #DIV/0! | N15: =+L15-H15 -> #DIV/0! | P15: =L15-D15 -> #DIV/0! | R15: =N15-F15 -> #DIV/0!
A16: Support Engineering | B16: =A16 -> Support Engineering | D16: {=SUM(IF(($A16='FCF QUERY'!$B$6:$B$999)*(D$1='FCF QUERY'!$D$1:$BI$1)*(D$2='FCF QUERY'!$D$2:$BI$2)*(D$3='FCF QUERY'!$D$3:$BI$3)*(D$4='FCF QUERY'!$A$6:$A$999),'FCF QUERY'!$D$6:$BI$999))/COUNT(IF(($A16='FCF QUERY'!$B$6:$B$999)*(D$1='FCF QUERY'!$D$1:$BI$1)*(D$2='FCF QUERY'!$D$2:$BI$2)*(D$3='FCF QUERY'!$D$3:$BI$3)*(D$4='FCF QUERY'!$A$6:$A$999),'FCF QUERY'!$D$6:$BI$999))} -> -24.573471 | F16: {=SUM(IF(($A16='FCF QUERY'!$B$6:$B$999)*(F$1='FCF QUERY'!$D$1:$BI$1)*(F$2='FCF QUERY'!$D$2:$BI$2)*(F$3='FCF QUERY'!$D$3:$BI$3)*(F$4='FCF QUERY'!$A$6:$A$999),'FCF QUERY'!$D$6:$BI$999))/COUNT(IF(($A16='FCF QUERY'!$B$6:$B$999)*(F$1='FCF QUERY'!$D$1:$BI$1)*(F$2='FCF QUERY'!$D$2:$BI$2)*(F$3='FCF QUERY'!$D$3:$BI$3)*(F$4='FCF QUERY'!$A$6:$A$999),'FCF QUERY'!$D$6:$BI$999))} -> -2.6024399 | H16: {=SUM(IF(($A16='FCF QUERY'!$B$6:$B$999)*(H$1='FCF QUERY'!$D$1:$BI$1)*(H$2='FCF QUERY'!$D$2:$BI$2)*(H$3='FCF QUERY'!$D$3:$BI$3)*(H$4='FCF QUERY'!$A$6:$A$999),'FCF QUERY'!$D$6:$BI$999))/COUNT(IF(($A16='FCF QUERY'!$B$6:$B$999)*(H$1='FCF QUERY'!$D$1:$BI$1)*(H$2='FCF QUERY'!$D$2:$BI$2)*(H$3='FCF QUERY'!$D$3:$BI$3)*(H$4='FCF QUERY'!$A$6:$A$999),'FCF QUERY'!$D$6:$BI$999))} -> -19.805189 | J16: {=SUM(IF(($A16='FCF QUERY'!$B$6:$B$999)*(J$1='FCF QUERY'!$D$1:$BI$1)*(J$2='FCF QUERY'!$D$2:$BI$2)*(J$3='FCF QUERY'!$D$3:$BI$3)*(J$4='FCF QUERY'!$A$6:$A$999),'FCF QUERY'!$D$6:$BI$999))/COUNT(IF(($A16='FCF QUERY'!$B$6:$B$999)*(J$1='FCF QUERY'!$D$1:$BI$1)*(J$2='FCF QUERY'!$D$2:$BI$2)*(J$3='FCF QUERY'!$D$3:$BI$3)*(J$4='FCF QUERY'!$A$6:$A$999),'FCF QUERY'!$D$6:$BI$999))} -> -22.285546 | L16: {=SUM(IF(($A16='FCF QUERY'!$B$6:$B$999)*(L$1='FCF QUERY'!$D$1:$BI$1)*(L$2='FCF QUERY'!$D$2:$BI$2)*(L$3='FCF QUERY'!$D$3:$BI$3)*(L$4='FCF QUERY'!$A$6:$A$999),'FCF QUERY'!$D$6:$BI$999))/COUNT(IF(($A16='FCF QUERY'!$B$6:$B$999)*(L$1='FCF QUERY'!$D$1:$BI$1)*(L$2='FCF QUERY'!$D$2:$BI$2)*(L$3='FCF QUERY'!$D$3:$BI$3)*(L$4='FCF QUERY'!$A$6:$A$999),'FCF QUERY'!$D$6:$BI$999))} -> #DIV/0! | N16: =+L16-H16 -> #DIV/0! | P16: =L16-D16 -> #DIV/0! | R16: =N16-F16 -> #DIV/0!
A17: Used | B17: =A17 -> Used | D17: {=SUM(IF(($A17='FCF QUERY'!$B$6:$B$999)*(D$1='FCF QUERY'!$D$1:$BI$1)*(D$2='FCF QUERY'!$D$2:$BI$2)*(D$3='FCF QUERY'!$D$3:$BI$3)*(D$4='FCF QUERY'!$A$6:$A$999),'FCF QUERY'!$D$6:$BI$999))/COUNT(IF(($A17='FCF QUERY'!$B$6:$B$999)*(D$1='FCF QUERY'!$D$1:$BI$1)*(D$2='FCF QUERY'!$D$2:$BI$2)*(D$3='FCF QUERY'!$D$3:$BI$3)*(D$4='FCF QUERY'!$A$6:$A$999),'FCF QUERY'!$D$6:$BI$999))} -> 14.116159 | F17: {=SUM(IF(($A17='FCF QUERY'!$B$6:$B$999)*(F$1='FCF QUERY'!$D$1:$BI$1)*(F$2='FCF QUERY'!$D$2:$BI$2)*(F$3='FCF QUERY'!$D$3:$BI$3)*(F$4='FCF QUERY'!$A$6:$A$999),'FCF QUERY'!$D$6:$BI$999))/COUNT(IF(($A17='FCF QUERY'!$B$6:$B$999)*(F$1='FCF QUERY'!$D$1:$BI$1)*(F$2='FCF QUERY'!$D$2:$BI$2)*(F$3='FCF QUERY'!$D$3:$BI$3)*(F$4='FCF QUERY'!$A$6:$A$999),'FCF QUERY'!$D$6:$BI$999))} -> -1.4250302 | H17: {=SUM(IF(($A17='FCF QUERY'!$B$6:$B$999)*(H$1='FCF QUERY'!$D$1:$BI$1)*(H$2='FCF QUERY'!$D$2:$BI$2)*(H$3='FCF QUERY'!$D$3:$BI$3)*(H$4='FCF QUERY'!$A$6:$A$999),'FCF QUERY'!$D$6:$BI$999))/COUNT(IF(($A17='FCF QUERY'!$B$6:$B$999)*(H$1='FCF QUERY'!$D$1:$BI$1)*(H$2='FCF QUERY'!$D$2:$BI$2)*(H$3='FCF QUERY'!$D$3:$BI$3)*(H$4='FCF QUERY'!$A$6:$A$999),'FCF QUERY'!$D$6:$BI$999))} -> 1.5175218 | J17: {=SUM(IF(($A17='FCF QUERY'!$B$6:$B$999)*(J$1='FCF QUERY'!$D$1:$BI$1)*(J$2='FCF QUERY'!$D$2:$BI$2)*(J$3='FCF QUERY'!$D$3:$BI$3)*(J$4='FCF QUERY'!$A$6:$A$999),'FCF QUERY'!$D$6:$BI$999))/COUNT(IF(($A17='FCF QUERY'!$B$6:$B$999)*(J$1='FCF QUERY'!$D$1:$BI$1)*(J$2='FCF QUERY'!$D$2:$BI$2)*(J$3='FCF QUERY'!$D$3:$BI$3)*(J$4='FCF QUERY'!$A$6:$A$999),'FCF QUERY'!$D$6:$BI$999))} -> 1.5228942 | L17: {=SUM(IF(($A17='FCF QUERY'!$B$6:$B$999)*(L$1='FCF QUERY'!$D$1:$BI$1)*(L$2='FCF QUERY'!$D$2:$BI$2)*(L$3='FCF QUERY'!$D$3:$BI$3)*(L$4='FCF QUERY'!$A$6:$A$999),'FCF QUERY'!$D$6:$BI$999))/COUNT(IF(($A17='FCF QUERY'!$B$6:$B$999)*(L$1='FCF QUERY'!$D$1:$BI$1)*(L$2='FCF QUERY'!$D$2:$BI$2)*(L$3='FCF QUERY'!$D$3:$BI$3)*(L$4='FCF QUERY'!$A$6:$A$999),'FCF QUERY'!$D$6:$BI$999))} -> #DIV/0! | N17: =+L17-H17 -> #DIV/0! | P17: =L17-D17 -> #DIV/0! | R17: =N17-F17 -> #DIV/0!
A18: S&S Misc - Other | B18: =A18 -> S&S Misc - Other | D18: {=SUM(IF(($A18='FCF QUERY'!$B$6:$B$999)*(D$1='FCF QUERY'!$D$1:$BI$1)*(D$2='FCF QUERY'!$D$2:$BI$2)*(D$3='FCF QUERY'!$D$3:$BI$3)*(D$4='FCF QUERY'!$A$6:$A$999),'FCF QUERY'!$D$6:$BI$999))/COUNT(IF(($A18='FCF QUERY'!$B$6:$B$999)*(D$1='FCF QUERY'!$D$1:$BI$1)*(D$2='FCF QUERY'!$D$2:$BI$2)*(D$3='FCF QUERY'!$D$3:$BI$3)*(D$4='FCF QUERY'!$A$6:$A$999),'FCF QUERY'!$D$6:$BI$999))} -> -43.49324 | F18: {=SUM(IF(($A18='FCF QUERY'!$B$6:$B$999)*(F$1='FCF QUERY'!$D$1:$BI$1)*(F$2='FCF QUERY'!$D$2:$BI$2)*(F$3='FCF QUERY'!$D$3:$BI$3)*(F$4='FCF QUERY'!$A$6:$A$999),'FCF QUERY'!$D$6:$BI$999))/COUNT(IF(($A18='FCF QUERY'!$B$6:$B$999)*(F$1='FCF QUERY'!$D$1:$BI$1)*(F$2='FCF QUERY'!$D$2:$BI$2)*(F$3='FCF QUERY'!$D$3:$BI$3)*(F$4='FCF QUERY'!$A$6:$A$999),'FCF QUERY'!$D$6:$BI$999))} -> -9.8311673 | H18: {=SUM(IF(($A18='FCF QUERY'!$B$6:$B$999)*(H$1='FCF QUERY'!$D$1:$BI$1)*(H$2='FCF QUERY'!$D$2:$BI$2)*(H$3='FCF QUERY'!$D$3:$BI$3)*(H$4='FCF QUERY'!$A$6:$A$999),'FCF QUERY'!$D$6:$BI$999))/COUNT(IF(($A18='FCF QUERY'!$B$6:$B$999)*(H$1='FCF QUERY'!$D$1:$BI$1)*(H$2='FCF QUERY'!$D$2:$BI$2)*(H$3='FCF QUERY'!$D$3:$BI$3)*(H$4='FCF QUERY'!$A$6:$A$999),'FCF QUERY'!$D$6:$BI$999))} -> -67.026391 | J18: {=SUM(IF(($A18='FCF QUERY'!$B$6:$B$999)*(J$1='FCF QUERY'!$D$1:$BI$1)*(J$2='FCF QUERY'!$D$2:$BI$2)*(J$3='FCF QUERY'!$D$3:$BI$3)*(J$4='FCF QUERY'!$A$6:$A$999),'FCF QUERY'!$D$6:$BI$999))/COUNT(IF(($A18='FCF QUERY'!$B$6:$B$999)*(J$1='FCF QUERY'!$D$1:$BI$1)*(J$2='FCF QUERY'!$D$2:$BI$2)*(J$3='FCF QUERY'!$D$3:$BI$3)*(J$4='FCF QUERY'!$A$6:$A$999),'FCF QUERY'!$D$6:$BI$999))} -> -63.110744 | L18: {=SUM(IF(($A18='FCF QUERY'!$B$6:$B$999)*(L$1='FCF QUERY'!$D$1:$BI$1)*(L$2='FCF QUERY'!$D$2:$BI$2)*(L$3='FCF QUERY'!$D$3:$BI$3)*(L$4='FCF QUERY'!$A$6:$A$999),'FCF QUERY'!$D$6:$BI$999))/COUNT(IF(($A18='FCF QUERY'!$B$6:$B$999)*(L$1='FCF QUERY'!$D$1:$BI$1)*(L$2='FCF QUERY'!$D$2:$BI$2)*(L$3='FCF QUERY'!$D$3:$BI$3)*(L$4='FCF QUERY'!$A$6:$A$999),'FCF QUERY'!$D$6:$BI$999))} -> #DIV/0! | N18: =+L18-H18 -> #DIV/0! | P18: =L18-D18 -> #DIV/0! | R18: =N18-F18 -> #DIV/0!
B19: Total ES | D19: =SUM(D8:D18) -> 493.34903 | F19: =SUM(F8:F18) -> 90.043976 | H19: =SUM(H8:H18) -> 593.66397 | J19: =SUM(J8:J18) -> 551.46638 | L19: =SUM(L8:L18) -> #DIV/0! | N19: =SUM(N8:N18) -> #DIV/0! | P19: =SUM(P8:P18) -> #DIV/0! | R19: =SUM(R8:R18) -> #DIV/0!

Sheet FCF FC2
A1: PARAMETRE | D1: L2AH / FC1 2017 / Version 001 | F1: =D1 -> L2AH / FC1 2017 / Version 001 | H1: =D1 -> L2AH / FC1 2017 / Version 001 | L1: =D1 -> L2AH / FC1 2017 / Version 001 | N1: =D1 -> L2AH / FC1 2017 / Version 001 | P1: =D1 -> L2AH / FC1 2017 / Version 001 | R1: =D1 -> L2AH / FC1 2017 / Version 001
D2: 2017 | F2: =D2 -> 2017 | H2: =D2 -> 2017 | L2: =D2 -> 2017 | N2: =D2 -> 2017 | P2: =D2 -> 2017 | R2: =D2 -> 2017
D3: 12 | F3: =D3 -> 12 | H3: =D3 -> 12 | L3: =D3 -> 12 | N3: =D3 -> 12 | P3: =D3 -> 12 | R3: =D3 -> 12
D4: EBIT pre goodwill & exceptionals | F4: Depreciation on WoC | H4: Change in current and non-current prov | L4: Inventories (incl. Adv. Payments made) | N4: Net of receivables / PDP
B5: FCF FC2 2017
B6: in M€ | D6: EBIT | F6: Depreciation on WoC | H6: Provisions | J6: Gross Cash Flow | L6: Inventories | N6: Net of receivables | P6: Launch Aids | R6: CapEx | T6: Change in WoC | V6: FCF
A8: Spares | B8: =A8 -> Spares | D8: {=SUM(IF(($A8='FCF QUERY'!$B$6:$B$999)*(D$1='FCF QUERY'!$D$1:$BI$1)*(D$2='FCF QUERY'!$D$2:$BI$2)*(D$3='FCF QUERY'!$D$3:$BI$3)*(D$4='FCF QUERY'!$A$6:$A$999),'FCF QUERY'!$D$6:$BI$999))/COUNT(IF(($A8='FCF QUERY'!$B$6:$B$999)*(D$1='FCF QUERY'!$D$1:$BI$1)*(D$2='FCF QUERY'!$D$2:$BI$2)*(D$3='FCF QUERY'!$D$3:$BI$3)*(D$4='FCF QUERY'!$A$6:$A$999),'FCF QUERY'!$D$6:$BI$999))} -> 308.78367 | E8: {=SUM(IF(($A8='FCF QUERY'!$B$6:$B$999)*(E$1='FCF QUERY'!$D$1:$BI$1)*(E$2='FCF QUERY'!$D$2:$BI$2)*(E$3='FCF QUERY'!$D$3:$BI$3)*(E$4='FCF QUERY'!$A$6:$A$999),'FCF QUERY'!$D$6:$BI$999))/COUNT(IF(($A8='FCF QUERY'!$B$6:$B$999)*(E$1='FCF QUERY'!$D$1:$BI$1)*(E$2='FCF QUERY'!$D$2:$BI$2)*(E$3='FCF QUERY'!$D$3:$BI$3)*(E$4='FCF QUERY'!$A$6:$A$999),'FCF QUERY'!$D$6:$BI$999))} -> #DIV/0! | F8: {=SUM(IF(($A8='FCF QUERY'!$B$6:$B$999)*(F$1='FCF QUERY'!$D$1:$BI$1)*(F$2='FCF QUERY'!$D$2:$BI$2)*(F$3='FCF QUERY'!$D$3:$BI$3)*(F$4='FCF QUERY'!$A$6:$A$999),'FCF QUERY'!$D$6:$BI$999))/COUNT(IF(($A8='FCF QUERY'!$B$6:$B$999)*(F$1='FCF QUERY'!$D$1:$BI$1)*(F$2='FCF QUERY'!$D$2:$BI$2)*(F$3='FCF QUERY'!$D$3:$BI$3)*(F$4='FCF QUERY'!$A$6:$A$999),'FCF QUERY'!$D$6:$BI$999))} -> 0.68165448 | G8: {=SUM(IF(($A8='FCF QUERY'!$B$6:$B$999)*(G$1='FCF QUERY'!$D$1:$BI$1)*(G$2='FCF QUERY'!$D$2:$BI$2)*(G$3='FCF QUERY'!$D$3:$BI$3)*(G$4='FCF QUERY'!$A$6:$A$999),'FCF QUERY'!$D$6:$BI$999))/COUNT(IF(($A8='FCF QUERY'!$B$6:$B$999)*(G$1='FCF QUERY'!$D$1:$BI$1)*(G$2='FCF QUERY'!$D$2:$BI$2)*(G$3='FCF QUERY'!$D$3:$BI$3)*(G$4='FCF QUERY'!$A$6:$A$999),'FCF QUERY'!$D$6:$BI$999))} -> #DIV/0! | H8: {=SUM(IF(($A8='FCF QUERY'!$B$6:$B$999)*(H$1='FCF QUERY'!$D$1:$BI$1)*(H$2='FCF QUERY'!$D$2:$BI$2)*(H$3='FCF QUERY'!$D$3:$BI$3)*(H$4='FCF QUERY'!$A$6:$A$999),'FCF QUERY'!$D$6:$BI$999))/COUNT(IF(($A8='FCF QUERY'!$B$6:$B$999)*(H$1='FCF QUERY'!$D$1:$BI$1)*(H$2='FCF QUERY'!$D$2:$BI$2)*(H$3='FCF QUERY'!$D$3:$BI$3)*(H$4='FCF QUERY'!$A$6:$A$999),'FCF QUERY'!$D$6:$BI$999))} -> -9.9547631 | J8: =+SUM(D8:H8) -> #DIV/0! | L8: {=SUM(IF(($A8='FCF QUERY'!$B$6:$B$999)*(L$1='FCF QUERY'!$D$1:$BI$1)*(L$2='FCF QUERY'!$D$2:$BI$2)*(L$3='FCF QUERY'!$D$3:$BI$3)*(L$4='FCF QUERY'!$A$6:$A$999),'FCF QUERY'!$D$6:$BI$999))/COUNT(IF(($A8='FCF QUERY'!$B$6:$B$999)*(L$1='FCF QUERY'!$D$1:$BI$1)*(L$2='FCF QUERY'!$D$2:$BI$2)*(L$3='FCF QUERY'!$D$3:$BI$3)*(L$4='FCF QUERY'!$A$6:$A$999),'FCF QUERY'!$D$6:$BI$999))} -> 0.14442668 | M8: {=SUM(IF(($A8='FCF QUERY'!$B$6:$B$999)*(M$1='FCF QUERY'!$D$1:$BI$1)*(M$2='FCF QUERY'!$D$2:$BI$2)*(M$3='FCF QUERY'!$D$3:$BI$3)*(M$4='FCF QUERY'!$A$6:$A$999),'FCF QUERY'!$D$6:$BI$999))/COUNT(IF(($A8='FCF QUERY'!$B$6:$B$999)*(M$1='FCF QUERY'!$D$1:$BI$1)*(M$2='FCF QUERY'!$D$2:$BI$2)*(M$3='FCF QUERY'!$D$3:$BI$3)*(M$4='FCF QUERY'!$A$6:$A$999),'FCF QUERY'!$D$6:$BI$999))} -> #DIV/0! | N8: {=SUM(IF(($A8='FCF QUERY'!$B$6:$B$999)*(N$1='FCF QUERY'!$D$1:$BI$1)*(N$2='FCF QUERY'!$D$2:$BI$2)*(N$3='FCF QUERY'!$D$3:$BI$3)*(N$4='FCF QUERY'!$A$6:$A$999),'FCF QUERY'!$D$6:$BI$999))/COUNT(IF(($A8='FCF QUERY'!$B$6:$B$999)*(N$1='FCF QUERY'!$D$1:$BI$1)*(N$2='FCF QUERY'!$D$2:$BI$2)*(N$3='FCF QUERY'!$D$3:$BI$3)*(N$4='FCF QUERY'!$A$6:$A$999),'FCF QUERY'!$D$6:$BI$999))} -> 18.600917 | O8: {=SUM(IF(($A8='FCF QUERY'!$B$6:$B$999)*(O$1='FCF QUERY'!$D$1:$BI$1)*(O$2='FCF QUERY'!$D$2:$BI$2)*(O$3='FCF QUERY'!$D$3:$BI$3)*(O$4='FCF QUERY'!$A$6:$A$999),'FCF QUERY'!$D$6:$BI$999))/COUNT(IF(($A8='FCF QUERY'!$B$6:$B$999)*(O$1='FCF QUERY'!$D$1:$BI$1)*(O$2='FCF QUERY'!$D$2:$BI$2)*(O$3='FCF QUERY'!$D$3:$BI$3)*(O$4='FCF QUERY'!$A$6:$A$999),'FCF QUERY'!$D$6:$BI$999))} -> #DIV/0! | P8: {=SUM(IF(($A8='FCF QUERY'!$B$6:$B$999)*(P$1='FCF QUERY'!$D$1:$BI$1)*(P$2='FCF QUERY'!$D$2:$BI$2)*(P$3='FCF QUERY'!$D$3:$BI$3)*(P$4='FCF QUERY'!$A$6:$A$999),'FCF QUERY'!$D$6:$BI$999))/COUNT(IF(($A8='FCF QUERY'!$B$6:$B$999)*(P$1='FCF QUERY'!$D$1:$BI$1)*(P$2='FCF QUERY'!$D$2:$BI$2)*(P$3='FCF QUERY'!$D$3:$BI$3)*(P$4='FCF QUERY'!$A$6:$A$999),'FCF QUERY'!$D$6:$BI$999))} -> #DIV/0! | Q8: {=SUM(IF(($A8='FCF QUERY'!$B$6:$B$999)*(Q$1='FCF QUERY'!$D$1:$BI$1)*(Q$2='FCF QUERY'!$D$2:$BI$2)*(Q$3='FCF QUERY'!$D$3:$BI$3)*(Q$4='FCF QUERY'!$A$6:$A$999),'FCF QUERY'!$D$6:$BI$999))/COUNT(IF(($A8='FCF QUERY'!$B$6:$B$999)*(Q$1='FCF QUERY'!$D$1:$BI$1)*(Q$2='FCF QUERY'!$D$2:$BI$2)*(Q$3='FCF QUERY'!$D$3:$BI$3)*(Q$4='FCF QUERY'!$A$6:$A$999),'FCF QUERY'!$D$6:$BI$999))} -> #DIV/0! | R8: {=SUM(IF(($A8='FCF QUERY'!$B$6:$B$999)*(R$1='FCF QUERY'!$D$1:$BI$1)*(R$2='FCF QUERY'!$D$2:$BI$2)*(R$3='FCF QUERY'!$D$3:$BI$3)*(R$4='FCF QUERY'!$A$6:$A$999),'FCF QUERY'!$D$6:$BI$999))/COUNT(IF(($A8='FCF QUERY'!$B$6:$B$999)*(R$1='FCF QUERY'!$D$1:$BI$1)*(R$2='FCF QUERY'!$D$2:$BI$2)*(R$3='FCF QUERY'!$D$3:$BI$3)*(R$4='FCF QUERY'!$A$6:$A$999),'FCF QUERY'!$D$6:$BI$999))} -> #DIV/0! | T8: =SUM(L8:R8) -> #DIV/0! | V8: =J8+T8 -> #DIV/0!
A9: MRO Component repairs & PBH | B9: =A9 -> MRO Component repairs & PBH | D9: {=SUM(IF(($A9='FCF QUERY'!$B$6:$B$999)*(D$1='FCF QUERY'!$D$1:$BI$1)*(D$2='FCF QUERY'!$D$2:$BI$2)*(D$3='FCF QUERY'!$D$3:$BI$3)*(D$4='FCF QUERY'!$A$6:$A$999),'FCF QUERY'!$D$6:$BI$999))/COUNT(IF(($A9='FCF QUERY'!$B$6:$B$999)*(D$1='FCF QUERY'!$D$1:$BI$1)*(D$2='FCF QUERY'!$D$2:$BI$2)*(D$3='FCF QUERY'!$D$3:$BI$3)*(D$4='FCF QUERY'!$A$6:$A$999),'FCF QUERY'!$D$6:$BI$999))} -> 178.35471 | E9: {=SUM(IF(($A9='FCF QUERY'!$B$6:$B$999)*(E$1='FCF QUERY'!$D$1:$BI$1)*(E$2='FCF QUERY'!$D$2:$BI$2)*(E$3='FCF QUERY'!$D$3:$BI$3)*(E$4='FCF QUERY'!$A$6:$A$999),'FCF QUERY'!$D$6:$BI$999))/COUNT(IF(($A9='FCF QUERY'!$B$6:$B$999)*(E$1='FCF QUERY'!$D$1:$BI$1)*(E$2='FCF QUERY'!$D$2:$BI$2)*(E$3='FCF QUERY'!$D$3:$BI$3)*(E$4='FCF QUERY'!$A$6:$A$999),'FCF QUERY'!$D$6:$BI$999))} -> #DIV/0! | F9: {=SUM(IF(($A9='FCF QUERY'!$B$6:$B$999)*(F$1='FCF QUERY'!$D$1:$BI$1)*(F$2='FCF QUERY'!$D$2:$BI$2)*(F$3='FCF QUERY'!$D$3:$BI$3)*(F$4='FCF QUERY'!$A$6:$A$999),'FCF QUERY'!$D$6:$BI$999))/COUNT(IF(($A9='FCF QUERY'!$B$6:$B$999)*(F$1='FCF QUERY'!$D$1:$BI$1)*(F$2='FCF QUERY'!$D$2:$BI$2)*(F$3='FCF QUERY'!$D$3:$BI$3)*(F$4='FCF QUERY'!$A$6:$A$999),'FCF QUERY'!$D$6:$BI$999))} -> 0 | G9: {=SUM(IF(($A9='FCF QUERY'!$B$6:$B$999)*(G$1='FCF QUERY'!$D$1:$BI$1)*(G$2='FCF QUERY'!$D$2:$BI$2)*(G$3='FCF QUERY'!$D$3:$BI$3)*(G$4='FCF QUERY'!$A$6:$A$999),'FCF QUERY'!$D$6:$BI$999))/COUNT(IF(($A9='FCF QUERY'!$B$6:$B$999)*(G$1='FCF QUERY'!$D$1:$BI$1)*(G$2='FCF QUERY'!$D$2:$BI$2)*(G$3='FCF QUERY'!$D$3:$BI$3)*(G$4='FCF QUERY'!$A$6:$A$999),'FCF QUERY'!$D$6:$BI$999))} -> #DIV/0! | H9: {=SUM(IF(($A9='FCF QUERY'!$B$6:$B$999)*(H$1='FCF QUERY'!$D$1:$BI$1)*(H$2='FCF QUERY'!$D$2:$BI$2)*(H$3='FCF QUERY'!$D$3:$BI$3)*(H$4='FCF QUERY'!$A$6:$A$999),'FCF QUERY'!$D$6:$BI$999))/COUNT(IF(($A9='FCF QUERY'!$B$6:$B$999)*(H$1='FCF QUERY'!$D$1:$BI$1)*(H$2='FCF QUERY'!$D$2:$BI$2)*(H$3='FCF QUERY'!$D$3:$BI$3)*(H$4='FCF QUERY'!$A$6:$A$999),'FCF QUERY'!$D$6:$BI$999))} -> -32.478103 | J9: =+SUM(D9:H9) -> #DIV/0! | L9: {=SUM(IF(($A9='FCF QUERY'!$B$6:$B$999)*(L$1='FCF QUERY'!$D$1:$BI$1)*(L$2='FCF QUERY'!$D$2:$BI$2)*(L$3='FCF QUERY'!$D$3:$BI$3)*(L$4='FCF QUERY'!$A$6:$A$999),'FCF QUERY'!$D$6:$BI$999))/COUNT(IF(($A9='FCF QUERY'!$B$6:$B$999)*(L$1='FCF QUERY'!$D$1:$BI$1)*(L$2='FCF QUERY'!$D$2:$BI$2)*(L$3='FCF QUERY'!$D$3:$BI$3)*(L$4='FCF QUERY'!$A$6:$A$999),'FCF QUERY'!$D$6:$BI$999))} -> -8.4031509 | M9: {=SUM(IF(($A9='FCF QUERY'!$B$6:$B$999)*(M$1='FCF QUERY'!$D$1:$BI$1)*(M$2='FCF QUERY'!$D$2:$BI$2)*(M$3='FCF QUERY'!$D$3:$BI$3)*(M$4='FCF QUERY'!$A$6:$A$999),'FCF QUERY'!$D$6:$BI$999))/COUNT(IF(($A9='FCF QUERY'!$B$6:$B$999)*(M$1='FCF QUERY'!$D$1:$BI$1)*(M$2='FCF QUERY'!$D$2:$BI$2)*(M$3='FCF QUERY'!$D$3:$BI$3)*(M$4='FCF QUERY'!$A$6:$A$999),'FCF QUERY'!$D$6:$BI$999))} -> #DIV/0! | N9: {=SUM(IF(($A9='FCF QUERY'!$B$6:$B$999)*(N$1='FCF QUERY'!$D$1:$BI$1)*(N$2='FCF QUERY'!$D$2:$BI$2)*(N$3='FCF QUERY'!$D$3:$BI$3)*(N$4='FCF QUERY'!$A$6:$A$999),'FCF QUERY'!$D$6:$BI$999))/COUNT(IF(($A9='FCF QUERY'!$B$6:$B$999)*(N$1='FCF QUERY'!$D$1:$BI$1)*(N$2='FCF QUERY'!$D$2:$BI$2)*(N$3='FCF QUERY'!$D$3:$BI$3)*(N$4='FCF QUERY'!$A$6:$A$999),'FCF QUERY'!$D$6:$BI$999))} -> -21.296787 | O9: {=SUM(IF(($A9='FCF QUERY'!$B$6:$B$999)*(O$1='FCF QUERY'!$D$1:$BI$1)*(O$2='FCF QUERY'!$D$2:$BI$2)*(O$3='FCF QUERY'!$D$3:$BI$3)*(O$4='FCF QUERY'!$A$6:$A$999),'FCF QUERY'!$D$6:$BI$999))/COUNT(IF(($A9='FCF QUERY'!$B$6:$B$999)*(O$1='FCF QUERY'!$D$1:$BI$1)*(O$2='FCF QUERY'!$D$2:$BI$2)*(O$3='FCF QUERY'!$D$3:$BI$3)*(O$4='FCF QUERY'!$A$6:$A$999),'FCF QUERY'!$D$6:$BI$999))} -> #DIV/0! | P9: {=SUM(IF(($A9='FCF QUERY'!$B$6:$B$999)*(P$1='FCF QUERY'!$D$1:$BI$1)*(P$2='FCF QUERY'!$D$2:$BI$2)*(P$3='FCF QUERY'!$D$3:$BI$3)*(P$4='FCF QUERY'!$A$6:$A$999),'FCF QUERY'!$D$6:$BI$999))/COUNT(IF(($A9='FCF QUERY'!$B$6:$B$999)*(P$1='FCF QUERY'!$D$1:$BI$1)*(P$2='FCF QUERY'!$D$2:$BI$2)*(P$3='FCF QUERY'!$D$3:$BI$3)*(P$4='FCF QUERY'!$A$6:$A$999),'FCF QUERY'!$D$6:$BI$999))} -> #DIV/0! | Q9: {=SUM(IF(($A9='FCF QUERY'!$B$6:$B$999)*(Q$1='FCF QUERY'!$D$1:$BI$1)*(Q$2='FCF QUERY'!$D$2:$BI$2)*(Q$3='FCF QUERY'!$D$3:$BI$3)*(Q$4='FCF QUERY'!$A$6:$A$999),'FCF QUERY'!$D$6:$BI$999))/COUNT(IF(($A9='FCF QUERY'!$B$6:$B$999)*(Q$1='FCF QUERY'!$D$1:$BI$1)*(Q$2='FCF QUERY'!$D$2:$BI$2)*(Q$3='FCF QUERY'!$D$3:$BI$3)*(Q$4='FCF QUERY'!$A$6:$A$999),'FCF QUERY'!$D$6:$BI$999))} -> #DIV/0! | R9: {=SUM(IF(($A9='FCF QUERY'!$B$6:$B$999)*(R$1='FCF QUERY'!$D$1:$BI$1)*(R$2='FCF QUERY'!$D$2:$BI$2)*(R$3='FCF QUERY'!$D$3:$BI$3)*(R$4='FCF QUERY'!$A$6:$A$999),'FCF QUERY'!$D$6:$BI$999))/COUNT(IF(($A9='FCF QUERY'!$B$6:$B$999)*(R$1='FCF QUERY'!$D$1:$BI$1)*(R$2='FCF QUERY'!$D$2:$BI$2)*(R$3='FCF QUERY'!$D$3:$BI$3)*(R$4='FCF QUERY'!$A$6:$A$999),'FCF QUERY'!$D$6:$BI$999))} -> #DIV/0! | T9: =SUM(L9:R9) -> #DIV/0! | V9: =J9+T9 -> #DIV/0!
A10: MRO Aircraft | B10: =A10 -> MRO Aircraft | D10: {=SUM(IF(($A10='FCF QUERY'!$B$6:$B$999)*(D$1='FCF QUERY'!$D$1:$BI$1)*(D$2='FCF QUERY'!$D$2:$BI$2)*(D$3='FCF QUERY'!$D$3:$BI$3)*(D$4='FCF QUERY'!$A$6:$A$999),'FCF QUERY'!$D$6:$BI$999))/COUNT(IF(($A10='FCF QUERY'!$B$6:$B$999)*(D$1='FCF QUERY'!$D$1:$BI$1)*(D$2='FCF QUERY'!$D$2:$BI$2)*(D$3='FCF QUERY'!$D$3:$BI$3)*(D$4='FCF QUERY'!$A$6:$A$999),'FCF QUERY'!$D$6:$BI$999))} -> 47.354338 | E10: {=SUM(IF(($A10='FCF QUERY'!$B$6:$B$999)*(E$1='FCF QUERY'!$D$1:$BI$1)*(E$2='FCF QUERY'!$D$2:$BI$2)*(E$3='FCF QUERY'!$D$3:$BI$3)*(E$4='FCF QUERY'!$A$6:$A$999),'FCF QUERY'!$D$6:$BI$999))/COUNT(IF(($A10='FCF QUERY'!$B$6:$B$999)*(E$1='FCF QUERY'!$D$1:$BI$1)*(E$2='FCF QUERY'!$D$2:$BI$2)*(E$3='FCF QUERY'!$D$3:$BI$3)*(E$4='FCF QUERY'!$A$6:$A$999),'FCF QUERY'!$D$6:$BI$999))} -> #DIV/0! | F10: {=SUM(IF(($A10='FCF QUERY'!$B$6:$B$999)*(F$1='FCF QUERY'!$D$1:$BI$1)*(F$2='FCF QUERY'!$D$2:$BI$2)*(F$3='FCF QUERY'!$D$3:$BI$3)*(F$4='FCF QUERY'!$A$6:$A$999),'FCF QUERY'!$D$6:$BI$999))/COUNT(IF(($A10='FCF QUERY'!$B$6:$B$999)*(F$1='FCF QUERY'!$D$1:$BI$1)*(F$2='FCF QUERY'!$D$2:$BI$2)*(F$3='FCF QUERY'!$D$3:$BI$3)*(F$4='FCF QUERY'!$A$6:$A$999),'FCF QUERY'!$D$6:$BI$999))} -> 0 | G10: {=SUM(IF(($A10='FCF QUERY'!$B$6:$B$999)*(G$1='FCF QUERY'!$D$1:$BI$1)*(G$2='FCF QUERY'!$D$2:$BI$2)*(G$3='FCF QUERY'!$D$3:$BI$3)*(G$4='FCF QUERY'!$A$6:$A$999),'FCF QUERY'!$D$6:$BI$999))/COUNT(IF(($A10='FCF QUERY'!$B$6:$B$999)*(G$1='FCF QUERY'!$D$1:$BI$1)*(G$2='FCF QUERY'!$D$2:$BI$2)*(G$3='FCF QUERY'!$D$3:$BI$3)*(G$4='FCF QUERY'!$A$6:$A$999),'FCF QUERY'!$D$6:$BI$999))} -> #DIV/0! | H10: {=SUM(IF(($A10='FCF QUERY'!$B$6:$B$999)*(H$1='FCF QUERY'!$D$1:$BI$1)*(H$2='FCF QUERY'!$D$2:$BI$2)*(H$3='FCF QUERY'!$D$3:$BI$3)*(H$4='FCF QUERY'!$A$6:$A$999),'FCF QUERY'!$D$6:$BI$999))/COUNT(IF(($A10='FCF QUERY'!$B$6:$B$999)*(H$1='FCF QUERY'!$D$1:$BI$1)*(H$2='FCF QUERY'!$D$2:$BI$2)*(H$3='FCF QUERY'!$D$3:$BI$3)*(H$4='FCF QUERY'!$A$6:$A$999),'FCF QUERY'!$D$6:$BI$999))} -> -4.1321176 | J10: =+SUM(D10:H10) -> #DIV/0! | L10: {=SUM(IF(($A10='FCF QUERY'!$B$6:$B$999)*(L$1='FCF QUERY'!$D$1:$BI$1)*(L$2='FCF QUERY'!$D$2:$BI$2)*(L$3='FCF QUERY'!$D$3:$BI$3)*(L$4='FCF QUERY'!$A$6:$A$999),'FCF QUERY'!$D$6:$BI$999))/COUNT(IF(($A10='FCF QUERY'!$B$6:$B$999)*(L$1='FCF QUERY'!$D$1:$BI$1)*(L$2='FCF QUERY'!$D$2:$BI$2)*(L$3='FCF QUERY'!$D$3:$BI$3)*(L$4='FCF QUERY'!$A$6:$A$999),'FCF QUERY'!$D$6:$BI$999))} -> -1.9182516 | M10: {=SUM(IF(($A10='FCF QUERY'!$B$6:$B$999)*(M$1='FCF QUERY'!$D$1:$BI$1)*(M$2='FCF QUERY'!$D$2:$BI$2)*(M$3='FCF QUERY'!$D$3:$BI$3)*(M$4='FCF QUERY'!$A$6:$A$999),'FCF QUERY'!$D$6:$BI$999))/COUNT(IF(($A10='FCF QUERY'!$B$6:$B$999)*(M$1='FCF QUERY'!$D$1:$BI$1)*(M$2='FCF QUERY'!$D$2:$BI$2)*(M$3='FCF QUERY'!$D$3:$BI$3)*(M$4='FCF QUERY'!$A$6:$A$999),'FCF QUERY'!$D$6:$BI$999))} -> #DIV/0! | N10: {=SUM(IF(($A10='FCF QUERY'!$B$6:$B$999)*(N$1='FCF QUERY'!$D$1:$BI$1)*(N$2='FCF QUERY'!$D$2:$BI$2)*(N$3='FCF QUERY'!$D$3:$BI$3)*(N$4='FCF QUERY'!$A$6:$A$999),'FCF QUERY'!$D$6:$BI$999))/COUNT(IF(($A10='FCF QUERY'!$B$6:$B$999)*(N$1='FCF QUERY'!$D$1:$BI$1)*(N$2='FCF QUERY'!$D$2:$BI$2)*(N$3='FCF QUERY'!$D$3:$BI$3)*(N$4='FCF QUERY'!$A$6:$A$999),'FCF QUERY'!$D$6:$BI$999))} -> -7.4744119 | O10: {=SUM(IF(($A10='FCF QUERY'!$B$6:$B$999)*(O$1='FCF QUERY'!$D$1:$BI$1)*(O$2='FCF QUERY'!$D$2:$BI$2)*(O$3='FCF QUERY'!$D$3:$BI$3)*(O$4='FCF QUERY'!$A$6:$A$999),'FCF QUERY'!$D$6:$BI$999))/COUNT(IF(($A10='FCF QUERY'!$B$6:$B$999)*(O$1='FCF QUERY'!$D$1:$BI$1)*(O$2='FCF QUERY'!$D$2:$BI$2)*(O$3='FCF QUERY'!$D$3:$BI$3)*(O$4='FCF QUERY'!$A$6:$A$999),'FCF QUERY'!$D$6:$BI$999))} -> #DIV/0! | P10: {=SUM(IF(($A10='FCF QUERY'!$B$6:$B$999)*(P$1='FCF QUERY'!$D$1:$BI$1)*(P$2='FCF QUERY'!$D$2:$BI$2)*(P$3='FCF QUERY'!$D$3:$BI$3)*(P$4='FCF QUERY'!$A$6:$A$999),'FCF QUERY'!$D$6:$BI$999))/COUNT(IF(($A10='FCF QUERY'!$B$6:$B$999)*(P$1='FCF QUERY'!$D$1:$BI$1)*(P$2='FCF QUERY'!$D$2:$BI$2)*(P$3='FCF QUERY'!$D$3:$BI$3)*(P$4='FCF QUERY'!$A$6:$A$999),'FCF QUERY'!$D$6:$BI$999))} -> #DIV/0! | Q10: {=SUM(IF(($A10='FCF QUERY'!$B$6:$B$999)*(Q$1='FCF QUERY'!$D$1:$BI$1)*(Q$2='FCF QUERY'!$D$2:$BI$2)*(Q$3='FCF QUERY'!$D$3:$BI$3)*(Q$4='FCF QUERY'!$A$6:$A$999),'FCF QUERY'!$D$6:$BI$999))/COUNT(IF(($A10='FCF QUERY'!$B$6:$B$999)*(Q$1='FCF QUERY'!$D$1:$BI$1)*(Q$2='FCF QUERY'!$D$2:$BI$2)*(Q$3='FCF QUERY'!$D$3:$BI$3)*(Q$4='FCF QUERY'!$A$6:$A$999),'FCF QUERY'!$D$6:$BI$999))} -> #DIV/0! | R10: {=SUM(IF(($A10='FCF QUERY'!$B$6:$B$999)*(R$1='FCF QUERY'!$D$1:$BI$1)*(R$2='FCF QUERY'!$D$2:$BI$2)*(R$3='FCF QUERY'!$D$3:$BI$3)*(R$4='FCF QUERY'!$A$6:$A$999),'FCF QUERY'!$D$6:$BI$999))/COUNT(IF(($A10='FCF QUERY'!$B$6:$B$999)*(R$1='FCF QUERY'!$D$1:$BI$1)*(R$2='FCF QUERY'!$D$2:$BI$2)*(R$3='FCF QUERY'!$D$3:$BI$3)*(R$4='FCF QUERY'!$A$6:$A$999),'FCF QUERY'!$D$6:$BI$999))} -> #DIV/0! | T10: =SUM(L10:R10) -> #DIV/0! | V10: =J10+T10 -> #DIV/0!
A11: Military Support Center France | B11: =A11 -> Military Support Center France | D11: {=SUM(IF(($A11='FCF QUERY'!$B$6:$B$999)*(D$1='FCF QUERY'!$D$1:$BI$1)*(D$2='FCF QUERY'!$D$2:$BI$2)*(D$3='FCF QUERY'!$D$3:$BI$3)*(D$4='FCF QUERY'!$A$6:$A$999),'FCF QUERY'!$D$6:$BI$999))/COUNT(IF(($A11='FCF QUERY'!$B$6:$B$999)*(D$1='FCF QUERY'!$D$1:$BI$1)*(D$2='FCF QUERY'!$D$2:$BI$2)*(D$3='FCF QUERY'!$D$3:$BI$3)*(D$4='FCF QUERY'!$A$6:$A$999),'FCF QUERY'!$D$6:$BI$999))} -> 54.571843 | E11: {=SUM(IF(($A11='FCF QUERY'!$B$6:$B$999)*(E$1='FCF QUERY'!$D$1:$BI$1)*(E$2='FCF QUERY'!$D$2:$BI$2)*(E$3='FCF QUERY'!$D$3:$BI$3)*(E$4='FCF QUERY'!$A$6:$A$999),'FCF QUERY'!$D$6:$BI$999))/COUNT(IF(($A11='FCF QUERY'!$B$6:$B$999)*(E$1='FCF QUERY'!$D$1:$BI$1)*(E$2='FCF QUERY'!$D$2:$BI$2)*(E$3='FCF QUERY'!$D$3:$BI$3)*(E$4='FCF QUERY'!$A$6:$A$999),'FCF QUERY'!$D$6:$BI$999))} -> #DIV/0! | F11: {=SUM(IF(($A11='FCF QUERY'!$B$6:$B$999)*(F$1='FCF QUERY'!$D$1:$BI$1)*(F$2='FCF QUERY'!$D$2:$BI$2)*(F$3='FCF QUERY'!$D$3:$BI$3)*(F$4='FCF QUERY'!$A$6:$A$999),'FCF QUERY'!$D$6:$BI$999))/COUNT(IF(($A11='FCF QUERY'!$B$6:$B$999)*(F$1='FCF QUERY'!$D$1:$BI$1)*(F$2='FCF QUERY'!$D$2:$BI$2)*(F$3='FCF QUERY'!$D$3:$BI$3)*(F$4='FCF QUERY'!$A$6:$A$999),'FCF QUERY'!$D$6:$BI$999))} -> #DIV/0! | G11: {=SUM(IF(($A11='FCF QUERY'!$B$6:$B$999)*(G$1='FCF QUERY'!$D$1:$BI$1)*(G$2='FCF QUERY'!$D$2:$BI$2)*(G$3='FCF QUERY'!$D$3:$BI$3)*(G$4='FCF QUERY'!$A$6:$A$999),'FCF QUERY'!$D$6:$BI$999))/COUNT(IF(($A11='FCF QUERY'!$B$6:$B$999)*(G$1='FCF QUERY'!$D$1:$BI$1)*(G$2='FCF QUERY'!$D$2:$BI$2)*(G$3='FCF QUERY'!$D$3:$BI$3)*(G$4='FCF QUERY'!$A$6:$A$999),'FCF QUERY'!$D$6:$BI$999))} -> #DIV/0! | H11: {=SUM(IF(($A11='FCF QUERY'!$B$6:$B$999)*(H$1='FCF QUERY'!$D$1:$BI$1)*(H$2='FCF QUERY'!$D$2:$BI$2)*(H$3='FCF QUERY'!$D$3:$BI$3)*(H$4='FCF QUERY'!$A$6:$A$999),'FCF QUERY'!$D$6:$BI$999))/COUNT(IF(($A11='FCF QUERY'!$B$6:$B$999)*(H$1='FCF QUERY'!$D$1:$BI$1)*(H$2='FCF QUERY'!$D$2:$BI$2)*(H$3='FCF QUERY'!$D$3:$BI$3)*(H$4='FCF QUERY'!$A$6:$A$999),'FCF QUERY'!$D$6:$BI$999))} -> -1 | J11: =+SUM(D11:H11) -> #DIV/0! | L11: {=SUM(IF(($A11='FCF QUERY'!$B$6:$B$999)*(L$1='FCF QUERY'!$D$1:$BI$1)*(L$2='FCF QUERY'!$D$2:$BI$2)*(L$3='FCF QUERY'!$D$3:$BI$3)*(L$4='FCF QUERY'!$A$6:$A$999),'FCF QUERY'!$D$6:$BI$999))/COUNT(IF(($A11='FCF QUERY'!$B$6:$B$999)*(L$1='FCF QUERY'!$D$1:$BI$1)*(L$2='FCF QUERY'!$D$2:$BI$2)*(L$3='FCF QUERY'!$D$3:$BI$3)*(L$4='FCF QUERY'!$A$6:$A$999),'FCF QUERY'!$D$6:$BI$999))} -> 4.782 | M11: {=SUM(IF(($A11='FCF QUERY'!$B$6:$B$999)*(M$1='FCF QUERY'!$D$1:$BI$1)*(M$2='FCF QUERY'!$D$2:$BI$2)*(M$3='FCF QUERY'!$D$3:$BI$3)*(M$4='FCF QUERY'!$A$6:$A$999),'FCF QUERY'!$D$6:$BI$999))/COUNT(IF(($A11='FCF QUERY'!$B$6:$B$999)*(M$1='FCF QUERY'!$D$1:$BI$1)*(M$2='FCF QUERY'!$D$2:$BI$2)*(M$3='FCF QUERY'!$D$3:$BI$3)*(M$4='FCF QUERY'!$A$6:$A$999),'FCF QUERY'!$D$6:$BI$999))} -> #DIV/0! | N11: {=SUM(IF(($A11='FCF QUERY'!$B$6:$B$999)*(N$1='FCF QUERY'!$D$1:$BI$1)*(N$2='FCF QUERY'!$D$2:$BI$2)*(N$3='FCF QUERY'!$D$3:$BI$3)*(N$4='FCF QUERY'!$A$6:$A$999),'FCF QUERY'!$D$6:$BI$999))/COUNT(IF(($A11='FCF QUERY'!$B$6:$B$999)*(N$1='FCF QUERY'!$D$1:$BI$1)*(N$2='FCF QUERY'!$D$2:$BI$2)*(N$3='FCF QUERY'!$D$3:$BI$3)*(N$4='FCF QUERY'!$A$6:$A$999),'FCF QUERY'!$D$6:$BI$999))} -> 23.982749 | O11: {=SUM(IF(($A11='FCF QUERY'!$B$6:$B$999)*(O$1='FCF QUERY'!$D$1:$BI$1)*(O$2='FCF QUERY'!$D$2:$BI$2)*(O$3='FCF QUERY'!$D$3:$BI$3)*(O$4='FCF QUERY'!$A$6:$A$999),'FCF QUERY'!$D$6:$BI$999))/COUNT(IF(($A11='FCF QUERY'!$B$6:$B$999)*(O$1='FCF QUERY'!$D$1:$BI$1)*(O$2='FCF QUERY'!$D$2:$BI$2)*(O$3='FCF QUERY'!$D$3:$BI$3)*(O$4='FCF QUERY'!$A$6:$A$999),'FCF QUERY'!$D$6:$BI$999))} -> #DIV/0! | P11: {=SUM(IF(($A11='FCF QUERY'!$B$6:$B$999)*(P$1='FCF QUERY'!$D$1:$BI$1)*(P$2='FCF QUERY'!$D$2:$BI$2)*(P$3='FCF QUERY'!$D$3:$BI$3)*(P$4='FCF QUERY'!$A$6:$A$999),'FCF QUERY'!$D$6:$BI$999))/COUNT(IF(($A11='FCF QUERY'!$B$6:$B$999)*(P$1='FCF QUERY'!$D$1:$BI$1)*(P$2='FCF QUERY'!$D$2:$BI$2)*(P$3='FCF QUERY'!$D$3:$BI$3)*(P$4='FCF QUERY'!$A$6:$A$999),'FCF QUERY'!$D$6:$BI$999))} -> #DIV/0! | Q11: {=SUM(IF(($A11='FCF QUERY'!$B$6:$B$999)*(Q$1='FCF QUERY'!$D$1:$BI$1)*(Q$2='FCF QUERY'!$D$2:$BI$2)*(Q$3='FCF QUERY'!$D$3:$BI$3)*(Q$4='FCF QUERY'!$A$6:$A$999),'FCF QUERY'!$D$6:$BI$999))/COUNT(IF(($A11='FCF QUERY'!$B$6:$B$999)*(Q$1='FCF QUERY'!$D$1:$BI$1)*(Q$2='FCF QUERY'!$D$2:$BI$2)*(Q$3='FCF QUERY'!$D$3:$BI$3)*(Q$4='FCF QUERY'!$A$6:$A$999),'FCF QUERY'!$D$6:$BI$999))} -> #DIV/0! | R11: {=SUM(IF(($A11='FCF QUERY'!$B$6:$B$999)*(R$1='FCF QUERY'!$D$1:$BI$1)*(R$2='FCF QUERY'!$D$2:$BI$2)*(R$3='FCF QUERY'!$D$3:$BI$3)*(R$4='FCF QUERY'!$A$6:$A$999),'FCF QUERY'!$D$6:$BI$999))/COUNT(IF(($A11='FCF QUERY'!$B$6:$B$999)*(R$1='FCF QUERY'!$D$1:$BI$1)*(R$2='FCF QUERY'!$D$2:$BI$2)*(R$3='FCF QUERY'!$D$3:$BI$3)*(R$4='FCF QUERY'!$A$6:$A$999),'FCF QUERY'!$D$6:$BI$999))} -> #DIV/0! | T11: =SUM(L11:R11) -> #DIV/0! | V11: =J11+T11 -> #DIV/0!
A12: Military Support Center Germany | B12: =A12 -> Military Support Center Germany | D12: {=SUM(IF(($A12='FCF QUERY'!$B$6:$B$999)*(D$1='FCF QUERY'!$D$1:$BI$1)*(D$2='FCF QUERY'!$D$2:$BI$2)*(D$3='FCF QUERY'!$D$3:$BI$3)*(D$4='FCF QUERY'!$A$6:$A$999),'FCF QUERY'!$D$6:$BI$999))/COUNT(IF(($A12='FCF QUERY'!$B$6:$B$999)*(D$1='FCF QUERY'!$D$1:$BI$1)*(D$2='FCF QUERY'!$D$2:$BI$2)*(D$3='FCF QUERY'!$D$3:$BI$3)*(D$4='FCF QUERY'!$A$6:$A$999),'FCF QUERY'!$D$6:$BI$999))} -> 38.114 | E12: {=SUM(IF(($A12='FCF QUERY'!$B$6:$B$999)*(E$1='FCF QUERY'!$D$1:$BI$1)*(E$2='FCF QUERY'!$D$2:$BI$2)*(E$3='FCF QUERY'!$D$3:$BI$3)*(E$4='FCF QUERY'!$A$6:$A$999),'FCF QUERY'!$D$6:$BI$999))/COUNT(IF(($A12='FCF QUERY'!$B$6:$B$999)*(E$1='FCF QUERY'!$D$1:$BI$1)*(E$2='FCF QUERY'!$D$2:$BI$2)*(E$3='FCF QUERY'!$D$3:$BI$3)*(E$4='FCF QUERY'!$A$6:$A$999),'FCF QUERY'!$D$6:$BI$999))} -> #DIV/0! | F12: {=SUM(IF(($A12='FCF QUERY'!$B$6:$B$999)*(F$1='FCF QUERY'!$D$1:$BI$1)*(F$2='FCF QUERY'!$D$2:$BI$2)*(F$3='FCF QUERY'!$D$3:$BI$3)*(F$4='FCF QUERY'!$A$6:$A$999),'FCF QUERY'!$D$6:$BI$999))/COUNT(IF(($A12='FCF QUERY'!$B$6:$B$999)*(F$1='FCF QUERY'!$D$1:$BI$1)*(F$2='FCF QUERY'!$D$2:$BI$2)*(F$3='FCF QUERY'!$D$3:$BI$3)*(F$4='FCF QUERY'!$A$6:$A$999),'FCF QUERY'!$D$6:$BI$999))} -> 0 | G12: {=SUM(IF(($A12='FCF QUERY'!$B$6:$B$999)*(G$1='FCF QUERY'!$D$1:$BI$1)*(G$2='FCF QUERY'!$D$2:$BI$2)*(G$3='FCF QUERY'!$D$3:$BI$3)*(G$4='FCF QUERY'!$A$6:$A$999),'FCF QUERY'!$D$6:$BI$999))/COUNT(IF(($A12='FCF QUERY'!$B$6:$B$999)*(G$1='FCF QUERY'!$D$1:$BI$1)*(G$2='FCF QUERY'!$D$2:$BI$2)*(G$3='FCF QUERY'!$D$3:$BI$3)*(G$4='FCF QUERY'!$A$6:$A$999),'FCF QUERY'!$D$6:$BI$999))} -> #DIV/0! | H12: {=SUM(IF(($A12='FCF QUERY'!$B$6:$B$999)*(H$1='FCF QUERY'!$D$1:$BI$1)*(H$2='FCF QUERY'!$D$2:$BI$2)*(H$3='FCF QUERY'!$D$3:$BI$3)*(H$4='FCF QUERY'!$A$6:$A$999),'FCF QUERY'!$D$6:$BI$999))/COUNT(IF(($A12='FCF QUERY'!$B$6:$B$999)*(H$1='FCF QUERY'!$D$1:$BI$1)*(H$2='FCF QUERY'!$D$2:$BI$2)*(H$3='FCF QUERY'!$D$3:$BI$3)*(H$4='FCF QUERY'!$A$6:$A$999),'FCF QUERY'!$D$6:$BI$999))} -> -13.112 | J12: =+SUM(D12:H12) -> #DIV/0! | L12: {=SUM(IF(($A12='FCF QUERY'!$B$6:$B$999)*(L$1='FCF QUERY'!$D$1:$BI$1)*(L$2='FCF QUERY'!$D$2:$BI$2)*(L$3='FCF QUERY'!$D$3:$BI$3)*(L$4='FCF QUERY'!$A$6:$A$999),'FCF QUERY'!$D$6:$BI$999))/COUNT(IF(($A12='FCF QUERY'!$B$6:$B$999)*(L$1='FCF QUERY'!$D$1:$BI$1)*(L$2='FCF QUERY'!$D$2:$BI$2)*(L$3='FCF QUERY'!$D$3:$BI$3)*(L$4='FCF QUERY'!$A$6:$A$999),'FCF QUERY'!$D$6:$BI$999))} -> -5.318 | M12: {=SUM(IF(($A12='FCF QUERY'!$B$6:$B$999)*(M$1='FCF QUERY'!$D$1:$BI$1)*(M$2='FCF QUERY'!$D$2:$BI$2)*(M$3='FCF QUERY'!$D$3:$BI$3)*(M$4='FCF QUERY'!$A$6:$A$999),'FCF QUERY'!$D$6:$BI$999))/COUNT(IF(($A12='FCF QUERY'!$B$6:$B$999)*(M$1='FCF QUERY'!$D$1:$BI$1)*(M$2='FCF QUERY'!$D$2:$BI$2)*(M$3='FCF QUERY'!$D$3:$BI$3)*(M$4='FCF QUERY'!$A$6:$A$999),'FCF QUERY'!$D$6:$BI$999))} -> #DIV/0! | N12: {=SUM(IF(($A12='FCF QUERY'!$B$6:$B$999)*(N$1='FCF QUERY'!$D$1:$BI$1)*(N$2='FCF QUERY'!$D$2:$BI$2)*(N$3='FCF QUERY'!$D$3:$BI$3)*(N$4='FCF QUERY'!$A$6:$A$999),'FCF QUERY'!$D$6:$BI$999))/COUNT(IF(($A12='FCF QUERY'!$B$6:$B$999)*(N$1='FCF QUERY'!$D$1:$BI$1)*(N$2='FCF QUERY'!$D$2:$BI$2)*(N$3='FCF QUERY'!$D$3:$BI$3)*(N$4='FCF QUERY'!$A$6:$A$999),'FCF QUERY'!$D$6:$BI$999))} -> 4.79 | O12: {=SUM(IF(($A12='FCF QUERY'!$B$6:$B$999)*(O$1='FCF QUERY'!$D$1:$BI$1)*(O$2='FCF QUERY'!$D$2:$BI$2)*(O$3='FCF QUERY'!$D$3:$BI$3)*(O$4='FCF QUERY'!$A$6:$A$999),'FCF QUERY'!$D$6:$BI$999))/COUNT(IF(($A12='FCF QUERY'!$B$6:$B$999)*(O$1='FCF QUERY'!$D$1:$BI$1)*(O$2='FCF QUERY'!$D$2:$BI$2)*(O$3='FCF QUERY'!$D$3:$BI$3)*(O$4='FCF QUERY'!$A$6:$A$999),'FCF QUERY'!$D$6:$BI$999))} -> #DIV/0! | P12: {=SUM(IF(($A12='FCF QUERY'!$B$6:$B$999)*(P$1='FCF QUERY'!$D$1:$BI$1)*(P$2='FCF QUERY'!$D$2:$BI$2)*(P$3='FCF QUERY'!$D$3:$BI$3)*(P$4='FCF QUERY'!$A$6:$A$999),'FCF QUERY'!$D$6:$BI$999))/COUNT(IF(($A12='FCF QUERY'!$B$6:$B$999)*(P$1='FCF QUERY'!$D$1:$BI$1)*(P$2='FCF QUERY'!$D$2:$BI$2)*(P$3='FCF QUERY'!$D$3:$BI$3)*(P$4='FCF QUERY'!$A$6:$A$999),'FCF QUERY'!$D$6:$BI$999))} -> #DIV/0! | Q12: {=SUM(IF(($A12='FCF QUERY'!$B$6:$B$999)*(Q$1='FCF QUERY'!$D$1:$BI$1)*(Q$2='FCF QUERY'!$D$2:$BI$2)*(Q$3='FCF QUERY'!$D$3:$BI$3)*(Q$4='FCF QUERY'!$A$6:$A$999),'FCF QUERY'!$D$6:$BI$999))/COUNT(IF(($A12='FCF QUERY'!$B$6:$B$999)*(Q$1='FCF QUERY'!$D$1:$BI$1)*(Q$2='FCF QUERY'!$D$2:$BI$2)*(Q$3='FCF QUERY'!$D$3:$BI$3)*(Q$4='FCF QUERY'!$A$6:$A$999),'FCF QUERY'!$D$6:$BI$999))} -> #DIV/0! | R12: {=SUM(IF(($A12='FCF QUERY'!$B$6:$B$999)*(R$1='FCF QUERY'!$D$1:$BI$1)*(R$2='FCF QUERY'!$D$2:$BI$2)*(R$3='FCF QUERY'!$D$3:$BI$3)*(R$4='FCF QUERY'!$A$6:$A$999),'FCF QUERY'!$D$6:$BI$999))/COUNT(IF(($A12='FCF QUERY'!$B$6:$B$999)*(R$1='FCF QUERY'!$D$1:$BI$1)*(R$2='FCF QUERY'!$D$2:$BI$2)*(R$3='FCF QUERY'!$D$3:$BI$3)*(R$4='FCF QUERY'!$A$6:$A$999),'FCF QUERY'!$D$6:$BI$999))} -> #DIV/0! | T12: =SUM(L12:R12) -> #DIV/0! | V12: =J12+T12 -> #DIV/0!
A13: Fix wings | B13: =A13 -> Fix wings | D13: {=SUM(IF(($A13='FCF QUERY'!$B$6:$B$999)*(D$1='FCF QUERY'!$D$1:$BI$1)*(D$2='FCF QUERY'!$D$2:$BI$2)*(D$3='FCF QUERY'!$D$3:$BI$3)*(D$4='FCF QUERY'!$A$6:$A$999),'FCF QUERY'!$D$6:$BI$999))/COUNT(IF(($A13='FCF QUERY'!$B$6:$B$999)*(D$1='FCF QUERY'!$D$1:$BI$1)*(D$2='FCF QUERY'!$D$2:$BI$2)*(D$3='FCF QUERY'!$D$3:$BI$3)*(D$4='FCF QUERY'!$A$6:$A$999),'FCF QUERY'!$D$6:$BI$999))} -> 14.756339 | E13: {=SUM(IF(($A13='FCF QUERY'!$B$6:$B$999)*(E$1='FCF QUERY'!$D$1:$BI$1)*(E$2='FCF QUERY'!$D$2:$BI$2)*(E$3='FCF QUERY'!$D$3:$BI$3)*(E$4='FCF QUERY'!$A$6:$A$999),'FCF QUERY'!$D$6:$BI$999))/COUNT(IF(($A13='FCF QUERY'!$B$6:$B$999)*(E$1='FCF QUERY'!$D$1:$BI$1)*(E$2='FCF QUERY'!$D$2:$BI$2)*(E$3='FCF QUERY'!$D$3:$BI$3)*(E$4='FCF QUERY'!$A$6:$A$999),'FCF QUERY'!$D$6:$BI$999))} -> #DIV/0! | F13: {=SUM(IF(($A13='FCF QUERY'!$B$6:$B$999)*(F$1='FCF QUERY'!$D$1:$BI$1)*(F$2='FCF QUERY'!$D$2:$BI$2)*(F$3='FCF QUERY'!$D$3:$BI$3)*(F$4='FCF QUERY'!$A$6:$A$999),'FCF QUERY'!$D$6:$BI$999))/COUNT(IF(($A13='FCF QUERY'!$B$6:$B$999)*(F$1='FCF QUERY'!$D$1:$BI$1)*(F$2='FCF QUERY'!$D$2:$BI$2)*(F$3='FCF QUERY'!$D$3:$BI$3)*(F$4='FCF QUERY'!$A$6:$A$999),'FCF QUERY'!$D$6:$BI$999))} -> 0 | G13: {=SUM(IF(($A13='FCF QUERY'!$B$6:$B$999)*(G$1='FCF QUERY'!$D$1:$BI$1)*(G$2='FCF QUERY'!$D$2:$BI$2)*(G$3='FCF QUERY'!$D$3:$BI$3)*(G$4='FCF QUERY'!$A$6:$A$999),'FCF QUERY'!$D$6:$BI$999))/COUNT(IF(($A13='FCF QUERY'!$B$6:$B$999)*(G$1='FCF QUERY'!$D$1:$BI$1)*(G$2='FCF QUERY'!$D$2:$BI$2)*(G$3='FCF QUERY'!$D$3:$BI$3)*(G$4='FCF QUERY'!$A$6:$A$999),'FCF QUERY'!$D$6:$BI$999))} -> #DIV/0! | H13: {=SUM(IF(($A13='FCF QUERY'!$B$6:$B$999)*(H$1='FCF QUERY'!$D$1:$BI$1)*(H$2='FCF QUERY'!$D$2:$BI$2)*(H$3='FCF QUERY'!$D$3:$BI$3)*(H$4='FCF QUERY'!$A$6:$A$999),'FCF QUERY'!$D$6:$BI$999))/COUNT(IF(($A13='FCF QUERY'!$B$6:$B$999)*(H$1='FCF QUERY'!$D$1:$BI$1)*(H$2='FCF QUERY'!$D$2:$BI$2)*(H$3='FCF QUERY'!$D$3:$BI$3)*(H$4='FCF QUERY'!$A$6:$A$999),'FCF QUERY'!$D$6:$BI$999))} -> -0.14761905 | J13: =+SUM(D13:H13) -> #DIV/0! | L13: {=SUM(IF(($A13='FCF QUERY'!$B$6:$B$999)*(L$1='FCF QUERY'!$D$1:$BI$1)*(L$2='FCF QUERY'!$D$2:$BI$2)*(L$3='FCF QUERY'!$D$3:$BI$3)*(L$4='FCF QUERY'!$A$6:$A$999),'FCF QUERY'!$D$6:$BI$999))/COUNT(IF(($A13='FCF QUERY'!$B$6:$B$999)*(L$1='FCF QUERY'!$D$1:$BI$1)*(L$2='FCF QUERY'!$D$2:$BI$2)*(L$3='FCF QUERY'!$D$3:$BI$3)*(L$4='FCF QUERY'!$A$6:$A$999),'FCF QUERY'!$D$6:$BI$999))} -> 0.10884354 | M13: {=SUM(IF(($A13='FCF QUERY'!$B$6:$B$999)*(M$1='FCF QUERY'!$D$1:$BI$1)*(M$2='FCF QUERY'!$D$2:$BI$2)*(M$3='FCF QUERY'!$D$3:$BI$3)*(M$4='FCF QUERY'!$A$6:$A$999),'FCF QUERY'!$D$6:$BI$999))/COUNT(IF(($A13='FCF QUERY'!$B$6:$B$999)*(M$1='FCF QUERY'!$D$1:$BI$1)*(M$2='FCF QUERY'!$D$2:$BI$2)*(M$3='FCF QUERY'!$D$3:$BI$3)*(M$4='FCF QUERY'!$A$6:$A$999),'FCF QUERY'!$D$6:$BI$999))} -> #DIV/0! | N13: {=SUM(IF(($A13='FCF QUERY'!$B$6:$B$999)*(N$1='FCF QUERY'!$D$1:$BI$1)*(N$2='FCF QUERY'!$D$2:$BI$2)*(N$3='FCF QUERY'!$D$3:$BI$3)*(N$4='FCF QUERY'!$A$6:$A$999),'FCF QUERY'!$D$6:$BI$999))/COUNT(IF(($A13='FCF QUERY'!$B$6:$B$999)*(N$1='FCF QUERY'!$D$1:$BI$1)*(N$2='FCF QUERY'!$D$2:$BI$2)*(N$3='FCF QUERY'!$D$3:$BI$3)*(N$4='FCF QUERY'!$A$6:$A$999),'FCF QUERY'!$D$6:$BI$999))} -> -1.6387755 | O13: {=SUM(IF(($A13='FCF QUERY'!$B$6:$B$999)*(O$1='FCF QUERY'!$D$1:$BI$1)*(O$2='FCF QUERY'!$D$2:$BI$2)*(O$3='FCF QUERY'!$D$3:$BI$3)*(O$4='FCF QUERY'!$A$6:$A$999),'FCF QUERY'!$D$6:$BI$999))/COUNT(IF(($A13='FCF QUERY'!$B$6:$B$999)*(O$1='FCF QUERY'!$D$1:$BI$1)*(O$2='FCF QUERY'!$D$2:$BI$2)*(O$3='FCF QUERY'!$D$3:$BI$3)*(O$4='FCF QUERY'!$A$6:$A$999),'FCF QUERY'!$D$6:$BI$999))} -> #DIV/0! | P13: {=SUM(IF(($A13='FCF QUERY'!$B$6:$B$999)*(P$1='FCF QUERY'!$D$1:$BI$1)*(P$2='FCF QUERY'!$D$2:$BI$2)*(P$3='FCF QUERY'!$D$3:$BI$3)*(P$4='FCF QUERY'!$A$6:$A$999),'FCF QUERY'!$D$6:$BI$999))/COUNT(IF(($A13='FCF QUERY'!$B$6:$B$999)*(P$1='FCF QUERY'!$D$1:$BI$1)*(P$2='FCF QUERY'!$D$2:$BI$2)*(P$3='FCF QUERY'!$D$3:$BI$3)*(P$4='FCF QUERY'!$A$6:$A$999),'FCF QUERY'!$D$6:$BI$999))} -> #DIV/0! | Q13: {=SUM(IF(($A13='FCF QUERY'!$B$6:$B$999)*(Q$1='FCF QUERY'!$D$1:$BI$1)*(Q$2='FCF QUERY'!$D$2:$BI$2)*(Q$3='FCF QUERY'!$D$3:$BI$3)*(Q$4='FCF QUERY'!$A$6:$A$999),'FCF QUERY'!$D$6:$BI$999))/COUNT(IF(($A13='FCF QUERY'!$B$6:$B$999)*(Q$1='FCF QUERY'!$D$1:$BI$1)*(Q$2='FCF QUERY'!$D$2:$BI$2)*(Q$3='FCF QUERY'!$D$3:$BI$3)*(Q$4='FCF QUERY'!$A$6:$A$999),'FCF QUERY'!$D$6:$BI$999))} -> #DIV/0! | R13: {=SUM(IF(($A13='FCF QUERY'!$B$6:$B$999)*(R$1='FCF QUERY'!$D$1:$BI$1)*(R$2='FCF QUERY'!$D$2:$BI$2)*(R$3='FCF QUERY'!$D$3:$BI$3)*(R$4='FCF QUERY'!$A$6:$A$999),'FCF QUERY'!$D$6:$BI$999))/COUNT(IF(($A13='FCF QUERY'!$B$6:$B$999)*(R$1='FCF QUERY'!$D$1:$BI$1)*(R$2='FCF QUERY'!$D$2:$BI$2)*(R$3='FCF QUERY'!$D$3:$BI$3)*(R$4='FCF QUERY'!$A$6:$A$999),'FCF QUERY'!$D$6:$BI$999))} -> #DIV/0! | T13: =SUM(L13:R13) -> #DIV/0! | V13: =J13+T13 -> #DIV/0!
A14: Multiservice contracts | B14: =A14 -> Multiservice contracts | D14: {=SUM(IF(($A14='FCF QUERY'!$B$6:$B$999)*(D$1='FCF QUERY'!$D$1:$BI$1)*(D$2='FCF QUERY'!$D$2:$BI$2)*(D$3='FCF QUERY'!$D$3:$BI$3)*(D$4='FCF QUERY'!$A$6:$A$999),'FCF QUERY'!$D$6:$BI$999))/COUNT(IF(($A14='FCF QUERY'!$B$6:$B$999)*(D$1='FCF QUERY'!$D$1:$BI$1)*(D$2='FCF QUERY'!$D$2:$BI$2)*(D$3='FCF QUERY'!$D$3:$BI$3)*(D$4='FCF QUERY'!$A$6:$A$999),'FCF QUERY'!$D$6:$BI$999))} -> 29.348621 | E14: {=SUM(IF(($A14='FCF QUERY'!$B$6:$B$999)*(E$1='FCF QUERY'!$D$1:$BI$1)*(E$2='FCF QUERY'!$D$2:$BI$2)*(E$3='FCF QUERY'!$D$3:$BI$3)*(E$4='FCF QUERY'!$A$6:$A$999),'FCF QUERY'!$D$6:$BI$999))/COUNT(IF(($A14='FCF QUERY'!$B$6:$B$999)*(E$1='FCF QUERY'!$D$1:$BI$1)*(E$2='FCF QUERY'!$D$2:$BI$2)*(E$3='FCF QUERY'!$D$3:$BI$3)*(E$4='FCF QUERY'!$A$6:$A$999),'FCF QUERY'!$D$6:$BI$999))} -> #DIV/0! | F14: {=SUM(IF(($A14='FCF QUERY'!$B$6:$B$999)*(F$1='FCF QUERY'!$D$1:$BI$1)*(F$2='FCF QUERY'!$D$2:$BI$2)*(F$3='FCF QUERY'!$D$3:$BI$3)*(F$4='FCF QUERY'!$A$6:$A$999),'FCF QUERY'!$D$6:$BI$999))/COUNT(IF(($A14='FCF QUERY'!$B$6:$B$999)*(F$1='FCF QUERY'!$D$1:$BI$1)*(F$2='FCF QUERY'!$D$2:$BI$2)*(F$3='FCF QUERY'!$D$3:$BI$3)*(F$4='FCF QUERY'!$A$6:$A$999),'FCF QUERY'!$D$6:$BI$999))} -> -2.0408163 | G14: {=SUM(IF(($A14='FCF QUERY'!$B$6:$B$999)*(G$1='FCF QUERY'!$D$1:$BI$1)*(G$2='FCF QUERY'!$D$2:$BI$2)*(G$3='FCF QUERY'!$D$3:$BI$3)*(G$4='FCF QUERY'!$A$6:$A$999),'FCF QUERY'!$D$6:$BI$999))/COUNT(IF(($A14='FCF QUERY'!$B$6:$B$999)*(G$1='FCF QUERY'!$D$1:$BI$1)*(G$2='FCF QUERY'!$D$2:$BI$2)*(G$3='FCF QUERY'!$D$3:$BI$3)*(G$4='FCF QUERY'!$A$6:$A$999),'FCF QUERY'!$D$6:$BI$999))} -> #DIV/0! | H14: {=SUM(IF(($A14='FCF QUERY'!$B$6:$B$999)*(H$1='FCF QUERY'!$D$1:$BI$1)*(H$2='FCF QUERY'!$D$2:$BI$2)*(H$3='FCF QUERY'!$D$3:$BI$3)*(H$4='FCF QUERY'!$A$6:$A$999),'FCF QUERY'!$D$6:$BI$999))/COUNT(IF(($A14='FCF QUERY'!$B$6:$B$999)*(H$1='FCF QUERY'!$D$1:$BI$1)*(H$2='FCF QUERY'!$D$2:$BI$2)*(H$3='FCF QUERY'!$D$3:$BI$3)*(H$4='FCF QUERY'!$A$6:$A$999),'FCF QUERY'!$D$6:$BI$999))} -> -12.186551 | J14: =+SUM(D14:H14) -> #DIV/0! | L14: {=SUM(IF(($A14='FCF QUERY'!$B$6:$B$999)*(L$1='FCF QUERY'!$D$1:$BI$1)*(L$2='FCF QUERY'!$D$2:$BI$2)*(L$3='FCF QUERY'!$D$3:$BI$3)*(L$4='FCF QUERY'!$A$6:$A$999),'FCF QUERY'!$D$6:$BI$999))/COUNT(IF(($A14='FCF QUERY'!$B$6:$B$999)*(L$1='FCF QUERY'!$D$1:$BI$1)*(L$2='FCF QUERY'!$D$2:$BI$2)*(L$3='FCF QUERY'!$D$3:$BI$3)*(L$4='FCF QUERY'!$A$6:$A$999),'FCF QUERY'!$D$6:$BI$999))} -> 16.003972 | M14: {=SUM(IF(($A14='FCF QUERY'!$B$6:$B$999)*(M$1='FCF QUERY'!$D$1:$BI$1)*(M$2='FCF QUERY'!$D$2:$BI$2)*(M$3='FCF QUERY'!$D$3:$BI$3)*(M$4='FCF QUERY'!$A$6:$A$999),'FCF QUERY'!$D$6:$BI$999))/COUNT(IF(($A14='FCF QUERY'!$B$6:$B$999)*(M$1='FCF QUERY'!$D$1:$BI$1)*(M$2='FCF QUERY'!$D$2:$BI$2)*(M$3='FCF QUERY'!$D$3:$BI$3)*(M$4='FCF QUERY'!$A$6:$A$999),'FCF QUERY'!$D$6:$BI$999))} -> #DIV/0! | N14: {=SUM(IF(($A14='FCF QUERY'!$B$6:$B$999)*(N$1='FCF QUERY'!$D$1:$BI$1)*(N$2='FCF QUERY'!$D$2:$BI$2)*(N$3='FCF QUERY'!$D$3:$BI$3)*(N$4='FCF QUERY'!$A$6:$A$999),'FCF QUERY'!$D$6:$BI$999))/COUNT(IF(($A14='FCF QUERY'!$B$6:$B$999)*(N$1='FCF QUERY'!$D$1:$BI$1)*(N$2='FCF QUERY'!$D$2:$BI$2)*(N$3='FCF QUERY'!$D$3:$BI$3)*(N$4='FCF QUERY'!$A$6:$A$999),'FCF QUERY'!$D$6:$BI$999))} -> 2.9743879 | O14: {=SUM(IF(($A14='FCF QUERY'!$B$6:$B$999)*(O$1='FCF QUERY'!$D$1:$BI$1)*(O$2='FCF QUERY'!$D$2:$BI$2)*(O$3='FCF QUERY'!$D$3:$BI$3)*(O$4='FCF QUERY'!$A$6:$A$999),'FCF QUERY'!$D$6:$BI$999))/COUNT(IF(($A14='FCF QUERY'!$B$6:$B$999)*(O$1='FCF QUERY'!$D$1:$BI$1)*(O$2='FCF QUERY'!$D$2:$BI$2)*(O$3='FCF QUERY'!$D$3:$BI$3)*(O$4='FCF QUERY'!$A$6:$A$999),'FCF QUERY'!$D$6:$BI$999))} -> #DIV/0! | P14: {=SUM(IF(($A14='FCF QUERY'!$B$6:$B$999)*(P$1='FCF QUERY'!$D$1:$BI$1)*(P$2='FCF QUERY'!$D$2:$BI$2)*(P$3='FCF QUERY'!$D$3:$BI$3)*(P$4='FCF QUERY'!$A$6:$A$999),'FCF QUERY'!$D$6:$BI$999))/COUNT(IF(($A14='FCF QUERY'!$B$6:$B$999)*(P$1='FCF QUERY'!$D$1:$BI$1)*(P$2='FCF QUERY'!$D$2:$BI$2)*(P$3='FCF QUERY'!$D$3:$BI$3)*(P$4='FCF QUERY'!$A$6:$A$999),'FCF QUERY'!$D$6:$BI$999))} -> #DIV/0! | Q14: {=SUM(IF(($A14='FCF QUERY'!$B$6:$B$999)*(Q$1='FCF QUERY'!$D$1:$BI$1)*(Q$2='FCF QUERY'!$D$2:$BI$2)*(Q$3='FCF QUERY'!$D$3:$BI$3)*(Q$4='FCF QUERY'!$A$6:$A$999),'FCF QUERY'!$D$6:$BI$999))/COUNT(IF(($A14='FCF QUERY'!$B$6:$B$999)*(Q$1='FCF QUERY'!$D$1:$BI$1)*(Q$2='FCF QUERY'!$D$2:$BI$2)*(Q$3='FCF QUERY'!$D$3:$BI$3)*(Q$4='FCF QUERY'!$A$6:$A$999),'FCF QUERY'!$D$6:$BI$999))} -> #DIV/0! | R14: {=SUM(IF(($A14='FCF QUERY'!$B$6:$B$999)*(R$1='FCF QUERY'!$D$1:$BI$1)*(R$2='FCF QUERY'!$D$2:$BI$2)*(R$3='FCF QUERY'!$D$3:$BI$3)*(R$4='FCF QUERY'!$A$6:$A$999),'FCF QUERY'!$D$6:$BI$999))/COUNT(IF(($A14='FCF QUERY'!$B$6:$B$999)*(R$1='FCF QUERY'!$D$1:$BI$1)*(R$2='FCF QUERY'!$D$2:$BI$2)*(R$3='FCF QUERY'!$D$3:$BI$3)*(R$4='FCF QUERY'!$A$6:$A$999),'FCF QUERY'!$D$6:$BI$999))} -> #DIV/0! | T14: =SUM(L14:R14) -> #DIV/0! | V14: =J14+T14 -> #DIV/0!
A15: Training | B15: =A15 -> Training | D15: {=SUM(IF(($A15='FCF QUERY'!$B$6:$B$999)*(D$1='FCF QUERY'!$D$1:$BI$1)*(D$2='FCF QUERY'!$D$2:$BI$2)*(D$3='FCF QUERY'!$D$3:$BI$3)*(D$4='FCF QUERY'!$A$6:$A$999),'FCF QUERY'!$D$6:$BI$999))/COUNT(IF(($A15='FCF QUERY'!$B$6:$B$999)*(D$1='FCF QUERY'!$D$1:$BI$1)*(D$2='FCF QUERY'!$D$2:$BI$2)*(D$3='FCF QUERY'!$D$3:$BI$3)*(D$4='FCF QUERY'!$A$6:$A$999),'FCF QUERY'!$D$6:$BI$999))} -> 16.064386 | E15: {=SUM(IF(($A15='FCF QUERY'!$B$6:$B$999)*(E$1='FCF QUERY'!$D$1:$BI$1)*(E$2='FCF QUERY'!$D$2:$BI$2)*(E$3='FCF QUERY'!$D$3:$BI$3)*(E$4='FCF QUERY'!$A$6:$A$999),'FCF QUERY'!$D$6:$BI$999))/COUNT(IF(($A15='FCF QUERY'!$B$6:$B$999)*(E$1='FCF QUERY'!$D$1:$BI$1)*(E$2='FCF QUERY'!$D$2:$BI$2)*(E$3='FCF QUERY'!$D$3:$BI$3)*(E$4='FCF QUERY'!$A$6:$A$999),'FCF QUERY'!$D$6:$BI$999))} -> #DIV/0! | F15: {=SUM(IF(($A15='FCF QUERY'!$B$6:$B$999)*(F$1='FCF QUERY'!$D$1:$BI$1)*(F$2='FCF QUERY'!$D$2:$BI$2)*(F$3='FCF QUERY'!$D$3:$BI$3)*(F$4='FCF QUERY'!$A$6:$A$999),'FCF QUERY'!$D$6:$BI$999))/COUNT(IF(($A15='FCF QUERY'!$B$6:$B$999)*(F$1='FCF QUERY'!$D$1:$BI$1)*(F$2='FCF QUERY'!$D$2:$BI$2)*(F$3='FCF QUERY'!$D$3:$BI$3)*(F$4='FCF QUERY'!$A$6:$A$999),'FCF QUERY'!$D$6:$BI$999))} -> 0 | G15: {=SUM(IF(($A15='FCF QUERY'!$B$6:$B$999)*(G$1='FCF QUERY'!$D$1:$BI$1)*(G$2='FCF QUERY'!$D$2:$BI$2)*(G$3='FCF QUERY'!$D$3:$BI$3)*(G$4='FCF QUERY'!$A$6:$A$999),'FCF QUERY'!$D$6:$BI$999))/COUNT(IF(($A15='FCF QUERY'!$B$6:$B$999)*(G$1='FCF QUERY'!$D$1:$BI$1)*(G$2='FCF QUERY'!$D$2:$BI$2)*(G$3='FCF QUERY'!$D$3:$BI$3)*(G$4='FCF QUERY'!$A$6:$A$999),'FCF QUERY'!$D$6:$BI$999))} -> #DIV/0! | H15: {=SUM(IF(($A15='FCF QUERY'!$B$6:$B$999)*(H$1='FCF QUERY'!$D$1:$BI$1)*(H$2='FCF QUERY'!$D$2:$BI$2)*(H$3='FCF QUERY'!$D$3:$BI$3)*(H$4='FCF QUERY'!$A$6:$A$999),'FCF QUERY'!$D$6:$BI$999))/COUNT(IF(($A15='FCF QUERY'!$B$6:$B$999)*(H$1='FCF QUERY'!$D$1:$BI$1)*(H$2='FCF QUERY'!$D$2:$BI$2)*(H$3='FCF QUERY'!$D$3:$BI$3)*(H$4='FCF QUERY'!$A$6:$A$999),'FCF QUERY'!$D$6:$BI$999))} -> 0.802 | J15: =+SUM(D15:H15) -> #DIV/0! | L15: {=SUM(IF(($A15='FCF QUERY'!$B$6:$B$999)*(L$1='FCF QUERY'!$D$1:$BI$1)*(L$2='FCF QUERY'!$D$2:$BI$2)*(L$3='FCF QUERY'!$D$3:$BI$3)*(L$4='FCF QUERY'!$A$6:$A$999),'FCF QUERY'!$D$6:$BI$999))/COUNT(IF(($A15='FCF QUERY'!$B$6:$B$999)*(L$1='FCF QUERY'!$D$1:$BI$1)*(L$2='FCF QUERY'!$D$2:$BI$2)*(L$3='FCF QUERY'!$D$3:$BI$3)*(L$4='FCF QUERY'!$A$6:$A$999),'FCF QUERY'!$D$6:$BI$999))} -> -3.582091 | M15: {=SUM(IF(($A15='FCF QUERY'!$B$6:$B$999)*(M$1='FCF QUERY'!$D$1:$BI$1)*(M$2='FCF QUERY'!$D$2:$BI$2)*(M$3='FCF QUERY'!$D$3:$BI$3)*(M$4='FCF QUERY'!$A$6:$A$999),'FCF QUERY'!$D$6:$BI$999))/COUNT(IF(($A15='FCF QUERY'!$B$6:$B$999)*(M$1='FCF QUERY'!$D$1:$BI$1)*(M$2='FCF QUERY'!$D$2:$BI$2)*(M$3='FCF QUERY'!$D$3:$BI$3)*(M$4='FCF QUERY'!$A$6:$A$999),'FCF QUERY'!$D$6:$BI$999))} -> #DIV/0! | N15: {=SUM(IF(($A15='FCF QUERY'!$B$6:$B$999)*(N$1='FCF QUERY'!$D$1:$BI$1)*(N$2='FCF QUERY'!$D$2:$BI$2)*(N$3='FCF QUERY'!$D$3:$BI$3)*(N$4='FCF QUERY'!$A$6:$A$999),'FCF QUERY'!$D$6:$BI$999))/COUNT(IF(($A15='FCF QUERY'!$B$6:$B$999)*(N$1='FCF QUERY'!$D$1:$BI$1)*(N$2='FCF QUERY'!$D$2:$BI$2)*(N$3='FCF QUERY'!$D$3:$BI$3)*(N$4='FCF QUERY'!$A$6:$A$999),'FCF QUERY'!$D$6:$BI$999))} -> -0.19563974 | O15: {=SUM(IF(($A15='FCF QUERY'!$B$6:$B$999)*(O$1='FCF QUERY'!$D$1:$BI$1)*(O$2='FCF QUERY'!$D$2:$BI$2)*(O$3='FCF QUERY'!$D$3:$BI$3)*(O$4='FCF QUERY'!$A$6:$A$999),'FCF QUERY'!$D$6:$BI$999))/COUNT(IF(($A15='FCF QUERY'!$B$6:$B$999)*(O$1='FCF QUERY'!$D$1:$BI$1)*(O$2='FCF QUERY'!$D$2:$BI$2)*(O$3='FCF QUERY'!$D$3:$BI$3)*(O$4='FCF QUERY'!$A$6:$A$999),'FCF QUERY'!$D$6:$BI$999))} -> #DIV/0! | P15: {=SUM(IF(($A15='FCF QUERY'!$B$6:$B$999)*(P$1='FCF QUERY'!$D$1:$BI$1)*(P$2='FCF QUERY'!$D$2:$BI$2)*(P$3='FCF QUERY'!$D$3:$BI$3)*(P$4='FCF QUERY'!$A$6:$A$999),'FCF QUERY'!$D$6:$BI$999))/COUNT(IF(($A15='FCF QUERY'!$B$6:$B$999)*(P$1='FCF QUERY'!$D$1:$BI$1)*(P$2='FCF QUERY'!$D$2:$BI$2)*(P$3='FCF QUERY'!$D$3:$BI$3)*(P$4='FCF QUERY'!$A$6:$A$999),'FCF QUERY'!$D$6:$BI$999))} -> #DIV/0! | Q15: {=SUM(IF(($A15='FCF QUERY'!$B$6:$B$999)*(Q$1='FCF QUERY'!$D$1:$BI$1)*(Q$2='FCF QUERY'!$D$2:$BI$2)*(Q$3='FCF QUERY'!$D$3:$BI$3)*(Q$4='FCF QUERY'!$A$6:$A$999),'FCF QUERY'!$D$6:$BI$999))/COUNT(IF(($A15='FCF QUERY'!$B$6:$B$999)*(Q$1='FCF QUERY'!$D$1:$BI$1)*(Q$2='FCF QUERY'!$D$2:$BI$2)*(Q$3='FCF QUERY'!$D$3:$BI$3)*(Q$4='FCF QUERY'!$A$6:$A$999),'FCF QUERY'!$D$6:$BI$999))} -> #DIV/0! | R15: {=SUM(IF(($A15='FCF QUERY'!$B$6:$B$999)*(R$1='FCF QUERY'!$D$1:$BI$1)*(R$2='FCF QUERY'!$D$2:$BI$2)*(R$3='FCF QUERY'!$D$3:$BI$3)*(R$4='FCF QUERY'!$A$6:$A$999),'FCF QUERY'!$D$6:$BI$999))/COUNT(IF(($A15='FCF QUERY'!$B$6:$B$999)*(R$1='FCF QUERY'!$D$1:$BI$1)*(R$2='FCF QUERY'!$D$2:$BI$2)*(R$3='FCF QUERY'!$D$3:$BI$3)*(R$4='FCF QUERY'!$A$6:$A$999),'FCF QUERY'!$D$6:$BI$999))} -> #DIV/0! | T15: =SUM(L15:R15) -> #DIV/0! | V15: =J15+T15 -> #DIV/0!
A16: Support Engineering | B16: =A16 -> Support Engineering | D16: {=SUM(IF(($A16='FCF QUERY'!$B$6:$B$999)*(D$1='FCF QUERY'!$D$1:$BI$1)*(D$2='FCF QUERY'!$D$2:$BI$2)*(D$3='FCF QUERY'!$D$3:$BI$3)*(D$4='FCF QUERY'!$A$6:$A$999),'FCF QUERY'!$D$6:$BI$999))/COUNT(IF(($A16='FCF QUERY'!$B$6:$B$999)*(D$1='FCF QUERY'!$D$1:$BI$1)*(D$2='FCF QUERY'!$D$2:$BI$2)*(D$3='FCF QUERY'!$D$3:$BI$3)*(D$4='FCF QUERY'!$A$6:$A$999),'FCF QUERY'!$D$6:$BI$999))} -> -26.582684 | E16: {=SUM(IF(($A16='FCF QUERY'!$B$6:$B$999)*(E$1='FCF QUERY'!$D$1:$BI$1)*(E$2='FCF QUERY'!$D$2:$BI$2)*(E$3='FCF QUERY'!$D$3:$BI$3)*(E$4='FCF QUERY'!$A$6:$A$999),'FCF QUERY'!$D$6:$BI$999))/COUNT(IF(($A16='FCF QUERY'!$B$6:$B$999)*(E$1='FCF QUERY'!$D$1:$BI$1)*(E$2='FCF QUERY'!$D$2:$BI$2)*(E$3='FCF QUERY'!$D$3:$BI$3)*(E$4='FCF QUERY'!$A$6:$A$999),'FCF QUERY'!$D$6:$BI$999))} -> #DIV/0! | F16: {=SUM(IF(($A16='FCF QUERY'!$B$6:$B$999)*(F$1='FCF QUERY'!$D$1:$BI$1)*(F$2='FCF QUERY'!$D$2:$BI$2)*(F$3='FCF QUERY'!$D$3:$BI$3)*(F$4='FCF QUERY'!$A$6:$A$999),'FCF QUERY'!$D$6:$BI$999))/COUNT(IF(($A16='FCF QUERY'!$B$6:$B$999)*(F$1='FCF QUERY'!$D$1:$BI$1)*(F$2='FCF QUERY'!$D$2:$BI$2)*(F$3='FCF QUERY'!$D$3:$BI$3)*(F$4='FCF QUERY'!$A$6:$A$999),'FCF QUERY'!$D$6:$BI$999))} -> 0 | G16: {=SUM(IF(($A16='FCF QUERY'!$B$6:$B$999)*(G$1='FCF QUERY'!$D$1:$BI$1)*(G$2='FCF QUERY'!$D$2:$BI$2)*(G$3='FCF QUERY'!$D$3:$BI$3)*(G$4='FCF QUERY'!$A$6:$A$999),'FCF QUERY'!$D$6:$BI$999))/COUNT(IF(($A16='FCF QUERY'!$B$6:$B$999)*(G$1='FCF QUERY'!$D$1:$BI$1)*(G$2='FCF QUERY'!$D$2:$BI$2)*(G$3='FCF QUERY'!$D$3:$BI$3)*(G$4='FCF QUERY'!$A$6:$A$999),'FCF QUERY'!$D$6:$BI$999))} -> #DIV/0! | H16: {=SUM(IF(($A16='FCF QUERY'!$B$6:$B$999)*(H$1='FCF QUERY'!$D$1:$BI$1)*(H$2='FCF QUERY'!$D$2:$BI$2)*(H$3='FCF QUERY'!$D$3:$BI$3)*(H$4='FCF QUERY'!$A$6:$A$999),'FCF QUERY'!$D$6:$BI$999))/COUNT(IF(($A16='FCF QUERY'!$B$6:$B$999)*(H$1='FCF QUERY'!$D$1:$BI$1)*(H$2='FCF QUERY'!$D$2:$BI$2)*(H$3='FCF QUERY'!$D$3:$BI$3)*(H$4='FCF QUERY'!$A$6:$A$999),'FCF QUERY'!$D$6:$BI$999))} -> 0.01347369 | J16: =+SUM(D16:H16) -> #DIV/0! | L16: {=SUM(IF(($A16='FCF QUERY'!$B$6:$B$999)*(L$1='FCF QUERY'!$D$1:$BI$1)*(L$2='FCF QUERY'!$D$2:$BI$2)*(L$3='FCF QUERY'!$D$3:$BI$3)*(L$4='FCF QUERY'!$A$6:$A$999),'FCF QUERY'!$D$6:$BI$999))/COUNT(IF(($A16='FCF QUERY'!$B$6:$B$999)*(L$1='FCF QUERY'!$D$1:$BI$1)*(L$2='FCF QUERY'!$D$2:$BI$2)*(L$3='FCF QUERY'!$D$3:$BI$3)*(L$4='FCF QUERY'!$A$6:$A$999),'FCF QUERY'!$D$6:$BI$999))} -> 0.008 | M16: {=SUM(IF(($A16='FCF QUERY'!$B$6:$B$999)*(M$1='FCF QUERY'!$D$1:$BI$1)*(M$2='FCF QUERY'!$D$2:$BI$2)*(M$3='FCF QUERY'!$D$3:$BI$3)*(M$4='FCF QUERY'!$A$6:$A$999),'FCF QUERY'!$D$6:$BI$999))/COUNT(IF(($A16='FCF QUERY'!$B$6:$B$999)*(M$1='FCF QUERY'!$D$1:$BI$1)*(M$2='FCF QUERY'!$D$2:$BI$2)*(M$3='FCF QUERY'!$D$3:$BI$3)*(M$4='FCF QUERY'!$A$6:$A$999),'FCF QUERY'!$D$6:$BI$999))} -> #DIV/0! | N16: {=SUM(IF(($A16='FCF QUERY'!$B$6:$B$999)*(N$1='FCF QUERY'!$D$1:$BI$1)*(N$2='FCF QUERY'!$D$2:$BI$2)*(N$3='FCF QUERY'!$D$3:$BI$3)*(N$4='FCF QUERY'!$A$6:$A$999),'FCF QUERY'!$D$6:$BI$999))/COUNT(IF(($A16='FCF QUERY'!$B$6:$B$999)*(N$1='FCF QUERY'!$D$1:$BI$1)*(N$2='FCF QUERY'!$D$2:$BI$2)*(N$3='FCF QUERY'!$D$3:$BI$3)*(N$4='FCF QUERY'!$A$6:$A$999),'FCF QUERY'!$D$6:$BI$999))} -> 4.2756644 | O16: {=SUM(IF(($A16='FCF QUERY'!$B$6:$B$999)*(O$1='FCF QUERY'!$D$1:$BI$1)*(O$2='FCF QUERY'!$D$2:$BI$2)*(O$3='FCF QUERY'!$D$3:$BI$3)*(O$4='FCF QUERY'!$A$6:$A$999),'FCF QUERY'!$D$6:$BI$999))/COUNT(IF(($A16='FCF QUERY'!$B$6:$B$999)*(O$1='FCF QUERY'!$D$1:$BI$1)*(O$2='FCF QUERY'!$D$2:$BI$2)*(O$3='FCF QUERY'!$D$3:$BI$3)*(O$4='FCF QUERY'!$A$6:$A$999),'FCF QUERY'!$D$6:$BI$999))} -> #DIV/0! | P16: {=SUM(IF(($A16='FCF QUERY'!$B$6:$B$999)*(P$1='FCF QUERY'!$D$1:$BI$1)*(P$2='FCF QUERY'!$D$2:$BI$2)*(P$3='FCF QUERY'!$D$3:$BI$3)*(P$4='FCF QUERY'!$A$6:$A$999),'FCF QUERY'!$D$6:$BI$999))/COUNT(IF(($A16='FCF QUERY'!$B$6:$B$999)*(P$1='FCF QUERY'!$D$1:$BI$1)*(P$2='FCF QUERY'!$D$2:$BI$2)*(P$3='FCF QUERY'!$D$3:$BI$3)*(P$4='FCF QUERY'!$A$6:$A$999),'FCF QUERY'!$D$6:$BI$999))} -> #DIV/0! | Q16: {=SUM(IF(($A16='FCF QUERY'!$B$6:$B$999)*(Q$1='FCF QUERY'!$D$1:$BI$1)*(Q$2='FCF QUERY'!$D$2:$BI$2)*(Q$3='FCF QUERY'!$D$3:$BI$3)*(Q$4='FCF QUERY'!$A$6:$A$999),'FCF QUERY'!$D$6:$BI$999))/COUNT(IF(($A16='FCF QUERY'!$B$6:$B$999)*(Q$1='FCF QUERY'!$D$1:$BI$1)*(Q$2='FCF QUERY'!$D$2:$BI$2)*(Q$3='FCF QUERY'!$D$3:$BI$3)*(Q$4='FCF QUERY'!$A$6:$A$999),'FCF QUERY'!$D$6:$BI$999))} -> #DIV/0! | R16: {=SUM(IF(($A16='FCF QUERY'!$B$6:$B$999)*(R$1='FCF QUERY'!$D$1:$BI$1)*(R$2='FCF QUERY'!$D$2:$BI$2)*(R$3='FCF QUERY'!$D$3:$BI$3)*(R$4='FCF QUERY'!$A$6:$A$999),'FCF QUERY'!$D$6:$BI$999))/COUNT(IF(($A16='FCF QUERY'!$B$6:$B$999)*(R$1='FCF QUERY'!$D$1:$BI$1)*(R$2='FCF QUERY'!$D$2:$BI$2)*(R$3='FCF QUERY'!$D$3:$BI$3)*(R$4='FCF QUERY'!$A$6:$A$999),'FCF QUERY'!$D$6:$BI$999))} -> #DIV/0! | T16: =SUM(L16:R16) -> #DIV/0! | V16: =J16+T16 -> #DIV/0!
A17: Used | B17: =A17 -> Used | D17: {=SUM(IF(($A17='FCF QUERY'!$B$6:$B$999)*(D$1='FCF QUERY'!$D$1:$BI$1)*(D$2='FCF QUERY'!$D$2:$BI$2)*(D$3='FCF QUERY'!$D$3:$BI$3)*(D$4='FCF QUERY'!$A$6:$A$999),'FCF QUERY'!$D$6:$BI$999))/COUNT(IF(($A17='FCF QUERY'!$B$6:$B$999)*(D$1='FCF QUERY'!$D$1:$BI$1)*(D$2='FCF QUERY'!$D$2:$BI$2)*(D$3='FCF QUERY'!$D$3:$BI$3)*(D$4='FCF QUERY'!$A$6:$A$999),'FCF QUERY'!$D$6:$BI$999))} -> 0.16442688 | E17: {=SUM(IF(($A17='FCF QUERY'!$B$6:$B$999)*(E$1='FCF QUERY'!$D$1:$BI$1)*(E$2='FCF QUERY'!$D$2:$BI$2)*(E$3='FCF QUERY'!$D$3:$BI$3)*(E$4='FCF QUERY'!$A$6:$A$999),'FCF QUERY'!$D$6:$BI$999))/COUNT(IF(($A17='FCF QUERY'!$B$6:$B$999)*(E$1='FCF QUERY'!$D$1:$BI$1)*(E$2='FCF QUERY'!$D$2:$BI$2)*(E$3='FCF QUERY'!$D$3:$BI$3)*(E$4='FCF QUERY'!$A$6:$A$999),'FCF QUERY'!$D$6:$BI$999))} -> #DIV/0! | F17: {=SUM(IF(($A17='FCF QUERY'!$B$6:$B$999)*(F$1='FCF QUERY'!$D$1:$BI$1)*(F$2='FCF QUERY'!$D$2:$BI$2)*(F$3='FCF QUERY'!$D$3:$BI$3)*(F$4='FCF QUERY'!$A$6:$A$999),'FCF QUERY'!$D$6:$BI$999))/COUNT(IF(($A17='FCF QUERY'!$B$6:$B$999)*(F$1='FCF QUERY'!$D$1:$BI$1)*(F$2='FCF QUERY'!$D$2:$BI$2)*(F$3='FCF QUERY'!$D$3:$BI$3)*(F$4='FCF QUERY'!$A$6:$A$999),'FCF QUERY'!$D$6:$BI$999))} -> 0 | G17: {=SUM(IF(($A17='FCF QUERY'!$B$6:$B$999)*(G$1='FCF QUERY'!$D$1:$BI$1)*(G$2='FCF QUERY'!$D$2:$BI$2)*(G$3='FCF QUERY'!$D$3:$BI$3)*(G$4='FCF QUERY'!$A$6:$A$999),'FCF QUERY'!$D$6:$BI$999))/COUNT(IF(($A17='FCF QUERY'!$B$6:$B$999)*(G$1='FCF QUERY'!$D$1:$BI$1)*(G$2='FCF QUERY'!$D$2:$BI$2)*(G$3='FCF QUERY'!$D$3:$BI$3)*(G$4='FCF QUERY'!$A$6:$A$999),'FCF QUERY'!$D$6:$BI$999))} -> #DIV/0! | H17: {=SUM(IF(($A17='FCF QUERY'!$B$6:$B$999)*(H$1='FCF QUERY'!$D$1:$BI$1)*(H$2='FCF QUERY'!$D$2:$BI$2)*(H$3='FCF QUERY'!$D$3:$BI$3)*(H$4='FCF QUERY'!$A$6:$A$999),'FCF QUERY'!$D$6:$BI$999))/COUNT(IF(($A17='FCF QUERY'!$B$6:$B$999)*(H$1='FCF QUERY'!$D$1:$BI$1)*(H$2='FCF QUERY'!$D$2:$BI$2)*(H$3='FCF QUERY'!$D$3:$BI$3)*(H$4='FCF QUERY'!$A$6:$A$999),'FCF QUERY'!$D$6:$BI$999))} -> -0.01176471 | J17: =+SUM(D17:H17) -> #DIV/0! | L17: {=SUM(IF(($A17='FCF QUERY'!$B$6:$B$999)*(L$1='FCF QUERY'!$D$1:$BI$1)*(L$2='FCF QUERY'!$D$2:$BI$2)*(L$3='FCF QUERY'!$D$3:$BI$3)*(L$4='FCF QUERY'!$A$6:$A$999),'FCF QUERY'!$D$6:$BI$999))/COUNT(IF(($A17='FCF QUERY'!$B$6:$B$999)*(L$1='FCF QUERY'!$D$1:$BI$1)*(L$2='FCF QUERY'!$D$2:$BI$2)*(L$3='FCF QUERY'!$D$3:$BI$3)*(L$4='FCF QUERY'!$A$6:$A$999),'FCF QUERY'!$D$6:$BI$999))} -> 1.5654545 | M17: {=SUM(IF(($A17='FCF QUERY'!$B$6:$B$999)*(M$1='FCF QUERY'!$D$1:$BI$1)*(M$2='FCF QUERY'!$D$2:$BI$2)*(M$3='FCF QUERY'!$D$3:$BI$3)*(M$4='FCF QUERY'!$A$6:$A$999),'FCF QUERY'!$D$6:$BI$999))/COUNT(IF(($A17='FCF QUERY'!$B$6:$B$999)*(M$1='FCF QUERY'!$D$1:$BI$1)*(M$2='FCF QUERY'!$D$2:$BI$2)*(M$3='FCF QUERY'!$D$3:$BI$3)*(M$4='FCF QUERY'!$A$6:$A$999),'FCF QUERY'!$D$6:$BI$999))} -> #DIV/0! | N17: {=SUM(IF(($A17='FCF QUERY'!$B$6:$B$999)*(N$1='FCF QUERY'!$D$1:$BI$1)*(N$2='FCF QUERY'!$D$2:$BI$2)*(N$3='FCF QUERY'!$D$3:$BI$3)*(N$4='FCF QUERY'!$A$6:$A$999),'FCF QUERY'!$D$6:$BI$999))/COUNT(IF(($A17='FCF QUERY'!$B$6:$B$999)*(N$1='FCF QUERY'!$D$1:$BI$1)*(N$2='FCF QUERY'!$D$2:$BI$2)*(N$3='FCF QUERY'!$D$3:$BI$3)*(N$4='FCF QUERY'!$A$6:$A$999),'FCF QUERY'!$D$6:$BI$999))} -> -0.19522256 | O17: {=SUM(IF(($A17='FCF QUERY'!$B$6:$B$999)*(O$1='FCF QUERY'!$D$1:$BI$1)*(O$2='FCF QUERY'!$D$2:$BI$2)*(O$3='FCF QUERY'!$D$3:$BI$3)*(O$4='FCF QUERY'!$A$6:$A$999),'FCF QUERY'!$D$6:$BI$999))/COUNT(IF(($A17='FCF QUERY'!$B$6:$B$999)*(O$1='FCF QUERY'!$D$1:$BI$1)*(O$2='FCF QUERY'!$D$2:$BI$2)*(O$3='FCF QUERY'!$D$3:$BI$3)*(O$4='FCF QUERY'!$A$6:$A$999),'FCF QUERY'!$D$6:$BI$999))} -> #DIV/0! | P17: {=SUM(IF(($A17='FCF QUERY'!$B$6:$B$999)*(P$1='FCF QUERY'!$D$1:$BI$1)*(P$2='FCF QUERY'!$D$2:$BI$2)*(P$3='FCF QUERY'!$D$3:$BI$3)*(P$4='FCF QUERY'!$A$6:$A$999),'FCF QUERY'!$D$6:$BI$999))/COUNT(IF(($A17='FCF QUERY'!$B$6:$B$999)*(P$1='FCF QUERY'!$D$1:$BI$1)*(P$2='FCF QUERY'!$D$2:$BI$2)*(P$3='FCF QUERY'!$D$3:$BI$3)*(P$4='FCF QUERY'!$A$6:$A$999),'FCF QUERY'!$D$6:$BI$999))} -> #DIV/0! | Q17: {=SUM(IF(($A17='FCF QUERY'!$B$6:$B$999)*(Q$1='FCF QUERY'!$D$1:$BI$1)*(Q$2='FCF QUERY'!$D$2:$BI$2)*(Q$3='FCF QUERY'!$D$3:$BI$3)*(Q$4='FCF QUERY'!$A$6:$A$999),'FCF QUERY'!$D$6:$BI$999))/COUNT(IF(($A17='FCF QUERY'!$B$6:$B$999)*(Q$1='FCF QUERY'!$D$1:$BI$1)*(Q$2='FCF QUERY'!$D$2:$BI$2)*(Q$3='FCF QUERY'!$D$3:$BI$3)*(Q$4='FCF QUERY'!$A$6:$A$999),'FCF QUERY'!$D$6:$BI$999))} -> #DIV/0! | R17: {=SUM(IF(($A17='FCF QUERY'!$B$6:$B$999)*(R$1='FCF QUERY'!$D$1:$BI$1)*(R$2='FCF QUERY'!$D$2:$BI$2)*(R$3='FCF QUERY'!$D$3:$BI$3)*(R$4='FCF QUERY'!$A$6:$A$999),'FCF QUERY'!$D$6:$BI$999))/COUNT(IF(($A17='FCF QUERY'!$B$6:$B$999)*(R$1='FCF QUERY'!$D$1:$BI$1)*(R$2='FCF QUERY'!$D$2:$BI$2)*(R$3='FCF QUERY'!$D$3:$BI$3)*(R$4='FCF QUERY'!$A$6:$A$999),'FCF QUERY'!$D$6:$BI$999))} -> #DIV/0! | T17: =SUM(L17:R17) -> #DIV/0! | V17: =J17+T17 -> #DIV/0!
A18: S&S Misc - Other | B18: =A18 -> S&S Misc - Other | D18: {=SUM(IF(($A18='FCF QUERY'!$B$6:$B$999)*(D$1='FCF QUERY'!$D$1:$BI$1)*(D$2='FCF QUERY'!$D$2:$BI$2)*(D$3='FCF QUERY'!$D$3:$BI$3)*(D$4='FCF QUERY'!$A$6:$A$999),'FCF QUERY'!$D$6:$BI$999))/COUNT(IF(($A18='FCF QUERY'!$B$6:$B$999)*(D$1='FCF QUERY'!$D$1:$BI$1)*(D$2='FCF QUERY'!$D$2:$BI$2)*(D$3='FCF QUERY'!$D$3:$BI$3)*(D$4='FCF QUERY'!$A$6:$A$999),'FCF QUERY'!$D$6:$BI$999))} -> -48.185101 | E18: {=SUM(IF(($A18='FCF QUERY'!$B$6:$B$999)*(E$1='FCF QUERY'!$D$1:$BI$1)*(E$2='FCF QUERY'!$D$2:$BI$2)*(E$3='FCF QUERY'!$D$3:$BI$3)*(E$4='FCF QUERY'!$A$6:$A$999),'FCF QUERY'!$D$6:$BI$999))/COUNT(IF(($A18='FCF QUERY'!$B$6:$B$999)*(E$1='FCF QUERY'!$D$1:$BI$1)*(E$2='FCF QUERY'!$D$2:$BI$2)*(E$3='FCF QUERY'!$D$3:$BI$3)*(E$4='FCF QUERY'!$A$6:$A$999),'FCF QUERY'!$D$6:$BI$999))} -> #DIV/0! | F18: {=SUM(IF(($A18='FCF QUERY'!$B$6:$B$999)*(F$1='FCF QUERY'!$D$1:$BI$1)*(F$2='FCF QUERY'!$D$2:$BI$2)*(F$3='FCF QUERY'!$D$3:$BI$3)*(F$4='FCF QUERY'!$A$6:$A$999),'FCF QUERY'!$D$6:$BI$999))/COUNT(IF(($A18='FCF QUERY'!$B$6:$B$999)*(F$1='FCF QUERY'!$D$1:$BI$1)*(F$2='FCF QUERY'!$D$2:$BI$2)*(F$3='FCF QUERY'!$D$3:$BI$3)*(F$4='FCF QUERY'!$A$6:$A$999),'FCF QUERY'!$D$6:$BI$999))} -> 2.0909091 | G18: {=SUM(IF(($A18='FCF QUERY'!$B$6:$B$999)*(G$1='FCF QUERY'!$D$1:$BI$1)*(G$2='FCF QUERY'!$D$2:$BI$2)*(G$3='FCF QUERY'!$D$3:$BI$3)*(G$4='FCF QUERY'!$A$6:$A$999),'FCF QUERY'!$D$6:$BI$999))/COUNT(IF(($A18='FCF QUERY'!$B$6:$B$999)*(G$1='FCF QUERY'!$D$1:$BI$1)*(G$2='FCF QUERY'!$D$2:$BI$2)*(G$3='FCF QUERY'!$D$3:$BI$3)*(G$4='FCF QUERY'!$A$6:$A$999),'FCF QUERY'!$D$6:$BI$999))} -> #DIV/0! | H18: {=SUM(IF(($A18='FCF QUERY'!$B$6:$B$999)*(H$1='FCF QUERY'!$D$1:$BI$1)*(H$2='FCF QUERY'!$D$2:$BI$2)*(H$3='FCF QUERY'!$D$3:$BI$3)*(H$4='FCF QUERY'!$A$6:$A$999),'FCF QUERY'!$D$6:$BI$999))/COUNT(IF(($A18='FCF QUERY'!$B$6:$B$999)*(H$1='FCF QUERY'!$D$1:$BI$1)*(H$2='FCF QUERY'!$D$2:$BI$2)*(H$3='FCF QUERY'!$D$3:$BI$3)*(H$4='FCF QUERY'!$A$6:$A$999),'FCF QUERY'!$D$6:$BI$999))} -> -1.943136 | J18: =+SUM(D18:H18) -> #DIV/0! | L18: {=SUM(IF(($A18='FCF QUERY'!$B$6:$B$999)*(L$1='FCF QUERY'!$D$1:$BI$1)*(L$2='FCF QUERY'!$D$2:$BI$2)*(L$3='FCF QUERY'!$D$3:$BI$3)*(L$4='FCF QUERY'!$A$6:$A$999),'FCF QUERY'!$D$6:$BI$999))/COUNT(IF(($A18='FCF QUERY'!$B$6:$B$999)*(L$1='FCF QUERY'!$D$1:$BI$1)*(L$2='FCF QUERY'!$D$2:$BI$2)*(L$3='FCF QUERY'!$D$3:$BI$3)*(L$4='FCF QUERY'!$A$6:$A$999),'FCF QUERY'!$D$6:$BI$999))} -> -7.2987915 | M18: {=SUM(IF(($A18='FCF QUERY'!$B$6:$B$999)*(M$1='FCF QUERY'!$D$1:$BI$1)*(M$2='FCF QUERY'!$D$2:$BI$2)*(M$3='FCF QUERY'!$D$3:$BI$3)*(M$4='FCF QUERY'!$A$6:$A$999),'FCF QUERY'!$D$6:$BI$999))/COUNT(IF(($A18='FCF QUERY'!$B$6:$B$999)*(M$1='FCF QUERY'!$D$1:$BI$1)*(M$2='FCF QUERY'!$D$2:$BI$2)*(M$3='FCF QUERY'!$D$3:$BI$3)*(M$4='FCF QUERY'!$A$6:$A$999),'FCF QUERY'!$D$6:$BI$999))} -> #DIV/0! | N18: {=SUM(IF(($A18='FCF QUERY'!$B$6:$B$999)*(N$1='FCF QUERY'!$D$1:$BI$1)*(N$2='FCF QUERY'!$D$2:$BI$2)*(N$3='FCF QUERY'!$D$3:$BI$3)*(N$4='FCF QUERY'!$A$6:$A$999),'FCF QUERY'!$D$6:$BI$999))/COUNT(IF(($A18='FCF QUERY'!$B$6:$B$999)*(N$1='FCF QUERY'!$D$1:$BI$1)*(N$2='FCF QUERY'!$D$2:$BI$2)*(N$3='FCF QUERY'!$D$3:$BI$3)*(N$4='FCF QUERY'!$A$6:$A$999),'FCF QUERY'!$D$6:$BI$999))} -> -7.2746241 | O18: {=SUM(IF(($A18='FCF QUERY'!$B$6:$B$999)*(O$1='FCF QUERY'!$D$1:$BI$1)*(O$2='FCF QUERY'!$D$2:$BI$2)*(O$3='FCF QUERY'!$D$3:$BI$3)*(O$4='FCF QUERY'!$A$6:$A$999),'FCF QUERY'!$D$6:$BI$999))/COUNT(IF(($A18='FCF QUERY'!$B$6:$B$999)*(O$1='FCF QUERY'!$D$1:$BI$1)*(O$2='FCF QUERY'!$D$2:$BI$2)*(O$3='FCF QUERY'!$D$3:$BI$3)*(O$4='FCF QUERY'!$A$6:$A$999),'FCF QUERY'!$D$6:$BI$999))} -> #DIV/0! | P18: {=SUM(IF(($A18='FCF QUERY'!$B$6:$B$999)*(P$1='FCF QUERY'!$D$1:$BI$1)*(P$2='FCF QUERY'!$D$2:$BI$2)*(P$3='FCF QUERY'!$D$3:$BI$3)*(P$4='FCF QUERY'!$A$6:$A$999),'FCF QUERY'!$D$6:$BI$999))/COUNT(IF(($A18='FCF QUERY'!$B$6:$B$999)*(P$1='FCF QUERY'!$D$1:$BI$1)*(P$2='FCF QUERY'!$D$2:$BI$2)*(P$3='FCF QUERY'!$D$3:$BI$3)*(P$4='FCF QUERY'!$A$6:$A$999),'FCF QUERY'!$D$6:$BI$999))} -> #DIV/0! | Q18: {=SUM(IF(($A18='FCF QUERY'!$B$6:$B$999)*(Q$1='FCF QUERY'!$D$1:$BI$1)*(Q$2='FCF QUERY'!$D$2:$BI$2)*(Q$3='FCF QUERY'!$D$3:$BI$3)*(Q$4='FCF QUERY'!$A$6:$A$999),'FCF QUERY'!$D$6:$BI$999))/COUNT(IF(($A18='FCF QUERY'!$B$6:$B$999)*(Q$1='FCF QUERY'!$D$1:$BI$1)*(Q$2='FCF QUERY'!$D$2:$BI$2)*(Q$3='FCF QUERY'!$D$3:$BI$3)*(Q$4='FCF QUERY'!$A$6:$A$999),'FCF QUERY'!$D$6:$BI$999))} -> #DIV/0! | R18: {=SUM(IF(($A18='FCF QUERY'!$B$6:$B$999)*(R$1='FCF QUERY'!$D$1:$BI$1)*(R$2='FCF QUERY'!$D$2:$BI$2)*(R$3='FCF QUERY'!$D$3:$BI$3)*(R$4='FCF QUERY'!$A$6:$A$999),'FCF QUERY'!$D$6:$BI$999))/COUNT(IF(($A18='FCF QUERY'!$B$6:$B$999)*(R$1='FCF QUERY'!$D$1:$BI$1)*(R$2='FCF QUERY'!$D$2:$BI$2)*(R$3='FCF QUERY'!$D$3:$BI$3)*(R$4='FCF QUERY'!$A$6:$A$999),'FCF QUERY'!$D$6:$BI$999))} -> #DIV/0! | T18: =SUM(L18:R18) -> #DIV/0! | V18: =J18+T18 -> #DIV/0!
B19: Total ES | D19: =+SUM(D8:D18) -> 612.74455 | F19: =+SUM(F8:F18) -> #DIV/0! | H19: =+SUM(H8:H18) -> -74.150581 | J19: =+SUM(J8:J18) -> #DIV/0! | L19: =+SUM(L8:L18) -> -3.907588 | N19: =+SUM(N8:N18) -> 16.548258 | P19: =+SUM(P8:P18) -> #DIV/0! | R19: =+SUM(R8:R18) -> #DIV/0! | T19: =+SUM(T8:T18) -> #DIV/0! | V19: =+SUM(V8:V18) -> #DIV/0!
